 Dungeon Crawl Stone Soup version 0.27-a0-773-gaaee5cf45b (webtiles) character file.

Game seed: 4663252985644938776

436974 sleeves the Scorcher (level 25, 0/184 HPs)
             Began as a Formicid Conjurer on Mar 25, 2021.
             Was the Champion of Vehumet.
             Splashed by an acid blob's acid (7 damage)
             ... on level 5 of the Pits of Slime.
             The game lasted 03:04:01 (73753 turns).

sleeves the Scorcher (Formicid Conjurer)           Turns: 73753, Time: 03:04:01

Health: 0/184      AC:  9    Str: 14      XL:     25   Next: 20%
Magic:  23/53      EV: 18    Int: 26 (28) God:    Vehumet [******]
Gold:   1505       SH: 12    Dex:  7      Spells: 8/59 levels left

rFire    + + .     SeeInvis +   b - staff of conjuration
rCold    + . .     Faith    .   W - +2 kite shield of Demons {rF+ Will+}
rNeg     + . .     Spirit   .   I - +0 acid dragon scales
rPois    +         Reflect  .   (helmet unavailable)
rElec    .         Harm     .   z - +2 cloak {Stlth+}
rCorr    +         Rampage  .   X - +2 pair of gloves
Will     +++..                  y - +0 pair of boots {Fly}
Stlth    +++++++...             D - amulet of Nemelex Xobeh's Grace {RegenMP rPois rF+ rC+ rN+}
HPRegen  0.40/turn              V - ring of magical power
MPRegen  0.58/turn              R - +4 ring of evasion

@: corroded, flying, studying Fire Magic
A: permanent stasis, dig shafts and tunnels, antennae 3, four strong arms,
clumsy 1
}: 2/15 runes: serpentine, barnacled
a: Dig, Shaft Self, Stop Flying, Renounce Religion


You were on level 5 of the Pits of Slime.
You worshipped Vehumet.
Vehumet was exalted by your worship.
You visited 8 branches of the dungeon, and saw 43 of its levels.
You also visited: Ossuary.

You collected 4658 gold pieces.
You spent 3153 gold pieces at shops.

Inventory:

Hand Weapons
 a - the +8 autumn katana {vorpal, Clar}
   (You found it on level 2 of the Vaults)

   It inflicts extra damage upon your enemies.
   It protects you against confusion.
 l - the +2 trident of Fragile Peace {venom, rElec rC+++ MP-9 Str-5}
   (You took it off a deep elf annihilator on level 3 of the Elven Halls)

   It poisons the flesh of those it strikes.
   It affects your strength (-5).
   It renders you almost immune to cold.
   It insulates you from electricity.
   It affects your magic capacity (-9).
 E - the +8 great sword of Etycol {flame, rElec rC+ Str-3}
   (You found it on level 3 of the Elven Halls)

   It has been specially enchanted to burn those struck by it, causing extra
   injury to most foes and up to half again as much damage against particularly
   susceptible opponents.
   Big, fiery blades are also staple armaments of hydra-hunters.
   It affects your strength (-3).
   It protects you from cold.
   It insulates you from electricity.
 F - the +7 battleaxe of Slow Death {flame, +Inv Will+++ Dex-4 Stlth+}
   (You found it on level 4 of the Shoals)

   It has been specially enchanted to burn those struck by it, causing extra
   injury to most foes and up to half again as much damage against particularly
   susceptible opponents.
   Big, fiery blades are also staple armaments of hydra-hunters.
   It affects your dexterity (-4).
   It affects your willpower, your defense against some magical effects.
   It lets you turn invisible.
   It makes you more stealthy.
 L - the +2 Maxwell's thermic engine {flame, freeze}
   (You found it on level 3 of the Elven Halls)

   It has been specially enchanted to burn those struck by it, causing extra
   injury to most foes and up to half again as much damage against particularly
   susceptible opponents.
   Big, fiery blades are also staple armaments of hydra-hunters.
   It has been specially enchanted to freeze those struck by it, causing extra
   injury to most foes and up to half again as much damage against particularly
   susceptible opponents.
   It becomes more effective when it hits something.
   This effect fades over time.
Armour
 d - the +3 plate armour "Feazy" {rElec rPois Int+5}
   (You found it on level 3 of the Elven Halls)

   It affects your intelligence (+5).
   It insulates you from electricity.
   It protects you from poison.
 n - a +3 scale mail of cold resistance
   (You found it on level 3 of the Elven Halls)
 y - a +0 pair of boots of flying (worn)
   (You bought it in a shop on level 1 of the Shoals)
 z - a +2 cloak of stealth (worn)
   (You bought it in a shop on level 1 of the Shoals)
 I - +0 acid dragon scales (worn)
   (You found it on level 10 of the Dungeon)
 W - the +2 kite shield of Demons (worn) {rF+ Will+}
   (You found it on level 6 of the Lair of Beasts)

   It protects you from fire.
   It affects your willpower, your defense against some magical effects.
 X - a +2 pair of gloves (worn)
   (You found it on level 3 of the Vaults)
Magical Staves
 b - a staff of conjuration (weapon)
   (You found it on level 3 of the Elven Halls)
 h - a staff of fire
   (You found it on level 6 of the Dungeon)
Jewellery
 i - a ring of protection from fire
   (You found it on level 1 of the Shoals)
 D - the amulet of Nemelex Xobeh's Grace (around neck) {RegenMP rPois rF+ rC+ rN+}
   (You found it on level 3 of the Elven Halls)

   [amulet of magic regeneration]

   It increases your magic regeneration.
   It protects you from fire.
   It protects you from cold.
   It protects you from poison.
   It protects you from negative energy.
 R - a +4 ring of evasion (left hand)
   (You found it on level 12 of the Dungeon)
 U - an amulet of regeneration
   (You found it on level 2 of the Lair of Beasts)
 V - a ring of magical power (right hand)
   (You found it on level 5 of the Lair of Beasts)
Wands
 e - a wand of charming (25)
   (You took it off a merfolk siren on level 1 of the Shoals)
 B - a wand of digging (22)
   (You found it on level 7 of the Dungeon)
 J - a wand of iceblast (42)
   (You found it on level 10 of the Dungeon)
 N - a wand of mindburst (25)
   (You took it off a vault sentinel on level 3 of the Vaults)
 S - a wand of acid (20)
   (You found it on level 12 of the Dungeon)
Scrolls
 m - 3 scrolls of holy word
 o - 8 scrolls of fog
 s - 2 scrolls of immolation
 t - 2 scrolls of vulnerability
 u - 6 scrolls of enchant weapon
 v - 6 scrolls of torment
 w - 4 scrolls of fear
 x - 2 scrolls of amnesia
 C - 10 scrolls of identify
 G - 2 scrolls of summoning
 T - 3 scrolls of magic mapping
 Y - 5 scrolls of enchant armour
 Z - a scroll of brand weapon
Potions
 c - 9 potions of might
 f - 3 potions of heal wounds
 g - 3 potions of ambrosia
 j - 19 potions of curing
 k - 3 potions of mutation
 p - 4 potions of resistance
 q - 13 potions of attraction
 r - 3 potions of magic
 A - 6 potions of brilliance
 M - 3 potions of cancellation


   Skills:
 - Level 12.0 Fighting
 - Level 2.6 Staves
 - Level 12.0 Armour
 - Level 12.0 Dodging
 - Level 17.0 Stealth
 - Level 9.0 Shields
 + Level 17.6 Spellcasting
 + Level 14.7 Conjurations
 + Level 9.8 Necromancy
 - Level 8.0 Translocations
 - Level 20.0 Fire Magic
 - Level 14.2 Earth Magic
 - Level 3.0 Evocations


You had 8 spell levels left.
You knew the following spells:

 Your Spells              Type           Power      Damage    Failure   Level
a - Magic Dart            Conj           100%       1d8       0%          1
b - Apportation           Tloc           100%       N/A       1%          1
c - Iron Shot             Conj/Erth      49%        9d9       1%          6
d - Conjure Flame         Conj/Fire      100%       6-21      0%          3
e - Iskenderun's Mystic   Conj/Tloc      89%        2d17      1%          4
f - Fireball              Conj/Fire      53%        3d21      1%          5
g - Starburst             Conj/Fire      53%        8x6d14    1%          6
h - Iskenderun's Battles  Conj           99%        2d15      1%          5
j - Ignition              Fire           45%        3d13      1%          8
l - Passage of Golubria   Tloc           N/A        N/A       1%          4
m - Borgnjor's Revivific  Necr           32%        N/A       97%         8

Your spell library contained the following spells:

 Spells                   Type           Power      Damage    Failure   Level
 Chain Lightning          Conj/Air       37%        N/A       88%         8
 Fire Storm               Conj/Fire      53%        8d13      47%         9
 Foxfire                  Conj/Fire      100%       2x1d9     0%          1
 Searing Ray              Conj           100%       3d7       0%          2
 Stone Arrow              Conj/Erth      100%       3d13      0%          3
 Sticky Flame             Conj/Fire      100%       2d11      0%          4
 Animate Skeleton         Necr           100%       N/A       1%          1
 Freeze                   Ice            88%        1d10      1%          1
 Shock                    Conj/Air       100%       1d9       1%          1
 Corpse Rot               Necr/Air       N/A        N/A       1%          2
 Passwall                 Tmut/Erth      46%        N/A       1%          2
 Dazzling Flash           Conj/Hex       100%       N/A       1%          3
 Gell's Gravitas          Tloc           29%        N/A       1%          3
 Inner Flame              Hex/Fire       66%        N/A       1%          3
 Mephitic Cloud           Conj/Pois/Air  64%        N/A       1%          3
 Portal Projectile        Hex/Tloc       86%        N/A       1%          3
 Static Discharge         Conj/Air       75%        N/A       1%          3
 Animate Armour           Summ/Erth      100%       N/A       1%          4
 Fulminant Prism          Conj/Hex       37%        3d18      1%          4
 Hailstorm                Conj/Ice       75%        3d15      1%          4
 Leda's Liquefaction      Hex/Erth       28%        N/A       1%          4
 Petrify                  Tmut/Erth      56%        N/A       1%          4
 Bolt of Magma            Conj/Fire/Erth 52%        4d21      1%          5
 Irradiate                Conj/Tmut      37%        3d26      1%          5
 Lee's Rapid Deconstruct  Erth           38%        3d20*     1%          5
 Lightning Bolt           Conj/Air       37%        1d56      1%          5
 Beastly Appendage        Tmut           44%        N/A       2%          1
 Corona                   Hex            24%        N/A       2%          1
 Sting                    Tmut/Pois      88%        1d7       2%          1
 Summon Small Mammal      Summ           88%        N/A       2%          1
 Frozen Ramparts          Ice            44%        1d6       2%          3
 Call Imp                 Summ           22%        N/A       4%          2
 Ensorcelled Hibernation  Hex/Ice        44%        N/A       4%          2
 Poisonous Vapours        Pois/Air       44%        N/A       4%          2
 Slow                     Hex            22%        N/A       4%          2
 Wereblood                Tmut           22%        N/A       4%          2
 Conjure Ball Lightning   Conj/Air       37%        3x3d12    5%          6
 Airstrike                Air            11%        N/A       8%          4
 Call Canine Familiar     Summ           22%        N/A       9%          3
 Confusing Touch          Hex            22%        N/A       9%          3
 Ozocubu's Armour         Ice            22%        N/A       9%          3
 Spider Form              Tmut/Pois      11%        N/A       9%          3
 Summon Guardian Golem    Hex/Summ       22%        N/A       9%          3
 Summon Forest            Summ/Tloc      21%        N/A       16%         5
 Freezing Cloud           Conj/Ice/Air   32%        6-21      16%         6
 Yara's Violent Unravell  Hex/Tmut       11%        3d6       21%         5
 Statue Form              Tmut/Erth      37%        N/A       22%         6
 Cause Fear               Hex            11%        N/A       28%         4
 Ice Form                 Ice/Tmut       22%        N/A       28%         4
 Summon Ice Beast         Ice/Summ       22%        N/A       28%         4
 Summon Lightning Spire   Summ/Air       22%        N/A       28%         4
 Spellforged Servitor     Conj/Summ      37%        N/A       28%         7
 Alistair's Intoxication  Tmut/Pois      14%        N/A       61%         5
 Blade Hands              Tmut           11%        N/A       61%         5
 Metabolic Englaciation   Hex/Ice        11%        N/A       61%         5
 Silence                  Hex/Air        11%        N/A       61%         5
 Eringya's Noxious Bog    Tmut/Pois      11%        N/A       69%         6
 Haunt                    Necr/Summ      24%        N/A       97%         7
 Infestation              Necr           32%        N/A       97%         8
 Hydra Form               Tmut           11%        N/A       99%         6
 Invisibility             Hex            22%        N/A       99%         6
 Shadow Creatures         Summ           N/A        N/A       99%         6
 Malign Gateway           Summ/Tloc      21%        N/A       99%         7
 Monstrous Menagerie      Summ           11%        N/A       100%        7
 Summon Hydra             Summ           11%        N/A       100%        7
 Discord                  Hex            11%        N/A       100%        8
 Necromutation            Tmut/Necr      24%        N/A       100%        8
 Summon Horrible Things   Summ           11%        N/A       100%        8
 Shatter                  Erth           38%        3d30*     86%         9
 Death's Door             Necr           32%        N/A       100%        9
 Blink                    Tloc           Unusable   N/A       N/A         2
 Swiftness                Air            Unusable   N/A       N/A         2

Dungeon Overview and Level Annotations

Branches:
Dungeon (15/15)            Temple (0/1) D:6            Lair (6/6) D:8
 Shoals (4/4) Lair:3        Snake (4/4) Lair:4        Slime (5/5) Lair:6
    Orc (2/2) D:9             Elf (3/3) Orc:2        Vaults (4/5) D:13
 Depths (0/5) D:15        Ossuary (visited)
  Crypt: Vaults:2-3

Altars:
Elyvilon
Fedhas
Kikubaaqudgha
Nemelex Xobeh
Sif Muna
Vehumet
Beogh
Jiyva

Shops:
D:1 ?   D:12 *   Orc:2 :*!*   Elf:1 ([   Shoals:1 [(   Snake:4 ?   Vaults:1 *

Portals:
Bazaar: Vaults:4
Trove: D:13 (give +3 storm dragon scales)

Annotations:
D:8 exclusion: oklob plant
Lair:2 3 runed translucent doors, exclusion: 2 oklob plants, Junaliek's ghost, journeyman MiFi
Elf:2 5 runed translucent doors


Innate Abilities, Weirdness & Mutations

You cannot be hasted, slowed, berserked, paralysed or teleported.
You can dig through walls and to a lower floor.
You have a pair of large antennae on your head. (SInv)
Your four strong arms can wield two-handed weapons with a shield.
You are clumsy. (Dex -2)


Message History

* * * LOW HITPOINT WARNING * * *
The acid blob spits acid at you. The splash of acid hits you. You resist.
* * * LOW HITPOINT WARNING * * *
The acid corrodes you!
You are splashed with acid!
You resist.
* * * LOW HITPOINT WARNING * * *
Unknown command.
Casting: Starburst (mildly dangerous; 1% risk of failure)
Confirm with . or Enter, or press ? or * to list all spells.
Casting: Ignition (dangerous; 1% risk of failure)
Press: ? - help, Dir - look around, f - activate The air bursts into flame!
The fireball engulfs the rockslime.
The rockslime resists.
The rockslime is lightly wounded.
The fireball engulfs the Royal Jelly!!
The Royal Jelly is heavily wounded.
The fireball engulfs the acid blob!
The acid blob is severely wounded.
The fireball engulfs the rockslime.
The rockslime resists.
The rockslime is lightly wounded.
The fireball engulfs the acid blob!!
The acid blob is moderately wounded.
The fireball engulfs the acid blob!!
The acid blob is moderately wounded.
The fireball engulfs the quicksilver ooze!!
The quicksilver ooze is heavily wounded.
The fireball engulfs the rockslime.
The rockslime resists.
The rockslime is lightly wounded.
The fireball engulfs the quicksilver ooze!!
The quicksilver ooze is severely wounded.
The fireball engulfs the azure jelly!!!
The azure jelly is burned terribly!
The azure jelly is heavily wounded.
The fireball engulfs the azure jelly!!
The azure jelly is burned terribly!
The azure jelly is heavily wounded.
The fireball engulfs the azure jelly!!!
The azure jelly is burned terribly!
The azure jelly is almost dead.
The fireball engulfs the Royal Jelly!
The Royal Jelly is severely wounded.
The fireball engulfs the azure jelly!!
The azure jelly is burned terribly!
The azure jelly is almost dead.
The fireball engulfs the acid blob!!
The acid blob is heavily wounded.
The fireball engulfs the quicksilver ooze!!
The quicksilver ooze is almost dead.
The fireball engulfs the rockslime but does no damage.
The rockslime is lightly wounded.
The fireball engulfs the rockslime.
The rockslime resists.
The rockslime is lightly wounded.
The fireball engulfs the azure jelly!!!
The azure jelly is burned terribly!
You kill the azure jelly!
That felt strangely unrewarding.
The fireball engulfs the rockslime.
The rockslime resists.
The rockslime is lightly wounded.
The fireball engulfs the acid blob!!
The acid blob is severely wounded.
The fireball engulfs the acid blob!
The acid blob is heavily wounded.
The fireball engulfs the quicksilver ooze!!
You kill the quicksilver ooze!
That felt strangely unrewarding.
The fireball engulfs the azure jelly!!
The azure jelly is burned terribly!
The azure jelly is severely wounded.
The fireball engulfs the Royal Jelly!!
The Royal Jelly is severely wounded.
The fireball engulfs the rockslime.
The rockslime resists.
The rockslime is lightly wounded.
The fireball engulfs the Royal Jelly!!
The Royal Jelly is almost dead.
The fireball engulfs the rockslime.
The rockslime resists.
The rockslime is moderately wounded.
The fireball engulfs the acid blob!!
The acid blob is severely wounded.
The fireball engulfs the Royal Jelly!
The Royal Jelly is almost dead.
The fireball engulfs the acid blob!!
The acid blob is almost dead.
The fireball engulfs the rockslime but does no damage.
The rockslime is lightly wounded.
The fireball engulfs the Royal Jelly!!
You kill the Royal Jelly!
Vehumet accepts your kill.
You feel your power returning.
You feel a strange vibration for a moment.
With an infernal noise, the power ruling this place vanishes!
The fireball engulfs the rockslime.
The rockslime resists.
The rockslime is moderately wounded.
The fireball engulfs the quicksilver ooze!!
You kill the quicksilver ooze!
That felt strangely unrewarding.
The fireball engulfs the rockslime.
The rockslime resists.
The rockslime is lightly wounded.
The fireball engulfs the acid blob!!
You kill the acid blob!
That felt strangely unrewarding.
The fireball engulfs the acid blob!!
The acid blob is almost dead.
The fireball engulfs the rockslime.
The rockslime completely resists.
The rockslime is lightly wounded.
The fireball engulfs the rockslime.
The rockslime resists.
The rockslime is moderately wounded.
The fireball engulfs the azure jelly.
The azure jelly is burned terribly!
The azure jelly is almost dead.
The fireball engulfs the rockslime but does no damage.
The rockslime is moderately wounded.
The fireball engulfs the rockslime.
The rockslime resists.
The rockslime is moderately wounded.
The dying Royal Jelly spits out nine more jellies.
A glowing orange brain comes into view.
Casting: Ignition (dangerous; 1% risk of failure)
Confirm with . or Enter, or press ? or * to list all spells.
Casting: Ignition (dangerous; 1% risk of failure)
Press: ? - help, Dir - look around, f - activate The air bursts into flame!
The fireball engulfs the glowing orange brain!
The glowing orange brain is moderately wounded.
The fireball engulfs the rockslime.
The rockslime resists.
The rockslime is moderately wounded.
The fireball engulfs the quicksilver ooze!
The quicksilver ooze is moderately wounded.
The fireball engulfs the acid blob!!
You kill the acid blob!
Vehumet accepts your kill.
You feel your power returning.
The fireball engulfs the rockslime but does no damage.
The rockslime is moderately wounded.
The fireball engulfs the quicksilver ooze!!
The quicksilver ooze is heavily wounded.
The fireball engulfs the acid blob!!
You kill the acid blob!
That felt strangely unrewarding.
The fireball engulfs the rockslime.
The rockslime resists.
The rockslime is lightly wounded.
The fireball engulfs the rockslime.
The rockslime resists.
The rockslime is lightly wounded.
The fireball engulfs the acid blob!
The acid blob is lightly wounded.
The fireball engulfs the azure jelly!!
The azure jelly is burned terribly!
The azure jelly is moderately wounded.
The fireball engulfs the azure jelly!!
The azure jelly is burned terribly!
You kill the azure jelly!
That felt strangely unrewarding.
The fireball engulfs the acid blob!!
The acid blob is lightly wounded.
The fireball engulfs the quicksilver ooze!
The quicksilver ooze is lightly wounded.
The fireball engulfs the rockslime.
The rockslime resists.
The rockslime is lightly wounded.
The fireball engulfs the azure jelly!!!
The azure jelly is burned terribly!
You kill the azure jelly!
Vehumet accepts your kill.
The fireball engulfs the rockslime.
The rockslime resists.
The rockslime is lightly wounded.
The fireball engulfs the azure jelly!!
The azure jelly is burned terribly!
The azure jelly is severely wounded.
The fireball engulfs the rockslime.
The rockslime resists.
The rockslime is lightly wounded.
The fireball engulfs the acid blob!!
The acid blob is moderately wounded.
The fireball engulfs the rockslime.
The rockslime resists.
The rockslime is moderately wounded.
The fireball engulfs the quicksilver ooze!
The quicksilver ooze is heavily wounded.
The fireball engulfs the rockslime.
The rockslime resists.
The rockslime is lightly wounded.
The fireball engulfs the acid blob!!
The acid blob is heavily wounded.
The fireball engulfs the quicksilver ooze!!
You kill the quicksilver ooze!
That felt strangely unrewarding.
The fireball engulfs the rockslime.
The rockslime resists.
The rockslime is moderately wounded.
The fireball engulfs the rockslime but does no damage.
The rockslime is moderately wounded.
The fireball engulfs the acid blob!!
The acid blob is severely wounded.
The fireball engulfs the azure jelly!
The azure jelly is burned terribly!
The azure jelly is severely wounded.
The fireball engulfs the rockslime.
The rockslime resists.
The rockslime is lightly wounded.
The fireball engulfs the quicksilver ooze!
The quicksilver ooze is severely wounded.
The fireball engulfs the rockslime.
The rockslime resists.
The rockslime is moderately wounded.
The fireball engulfs the rockslime but does no damage.
The rockslime is moderately wounded.
The fireball engulfs the quicksilver ooze!!
The quicksilver ooze is heavily wounded.
The fireball engulfs the quicksilver ooze!!
You kill the quicksilver ooze!
That felt strangely unrewarding.
The fireball engulfs the rockslime but does no damage.
The rockslime is moderately wounded.
The fireball engulfs the quicksilver ooze!
The quicksilver ooze is severely wounded.
The fireball engulfs the acid blob!!
The acid blob is severely wounded.
The fireball engulfs the rockslime but does no damage.
The rockslime is moderately wounded.
The fireball engulfs the quicksilver ooze!!
You kill the quicksilver ooze!
That felt strangely unrewarding.
The fireball engulfs the acid blob!!
The acid blob is almost dead.
The fireball engulfs the rockslime.
The rockslime completely resists.
The rockslime is lightly wounded.
The fireball engulfs the rockslime but does no damage.
The rockslime is moderately wounded.
The fireball engulfs the rockslime.
The rockslime resists.
The rockslime is heavily wounded.
The fireball engulfs the acid blob!!
You kill the acid blob!
That felt strangely unrewarding.
The fireball engulfs the rockslime.
The rockslime resists.
The rockslime is moderately wounded.
The fireball engulfs the rockslime.
The rockslime resists.
The rockslime is heavily wounded.
The fireball engulfs the azure jelly!!
The azure jelly is burned terribly!
You kill the azure jelly!
That felt strangely unrewarding.
The fireball engulfs the acid blob!!
The acid blob is severely wounded.
The fireball engulfs the rockslime.
The rockslime resists.
The rockslime is moderately wounded.
The fireball engulfs the rockslime.
The rockslime resists.
The rockslime is moderately wounded.
The fireball engulfs the rockslime.
The rockslime resists.
The rockslime is moderately wounded.
A golden eye comes into view.
A floating eye comes into view.
The rockslime jiggles.
The golden eye blinks at you. You resist with almost no effort.
You have reached level 25!
The golden eye blinks at you. You resist with almost no effort.
The floating eye's stare focuses on you.
You fly upwards.
There is a stone staircase leading down here.
There is a stone staircase leading up here.
You fly upwards.
There is a stone staircase leading down here.
There is a stone staircase leading up here.
You fly upwards.
There is a stone staircase leading down here.
Magic restored.
There is a stone staircase leading up, spattered with blood here.
You fly upwards.
There is a stone staircase leading down here.
The sentinel's mark upon you fades away.
There is a staircase back to the Lair, spattered with blood here.
You fly upwards.
Welcome back to the Lair of Beasts!
Beware, you cannot shaft yourself on this level.
There is a staircase to the Slime Pits here.
You start resting.
You are no longer corroded.
You start resting.
HP restored.
You fly downwards.
Welcome back to the Pits of Slime!
This branch is unnaturally silent, and so sound travels much further.
This branch contains the slimy rune of Zot.
There is a staircase back to the Lair, spattered with blood here.
There is a stone staircase leading down here.
You fly downwards.
A golden eye comes into view.
There is a stone staircase leading up, spattered with blood here.
Casting: Ignition (dangerous; 1% risk of failure)
Confirm with . or Enter, or press ? or * to list all spells.
You don't know that spell.
The golden eye blinks at you. You resist with almost no effort.
The golden eye blinks at you. You resist with almost no effort.
Casting: Ignition (dangerous; 1% risk of failure)
Confirm with . or Enter, or press ? or * to list all spells.
Casting: Starburst (mildly dangerous; 1% risk of failure)
Press: ? - help, Dir - look around, f - activate You feel a surge of power!
The bolt of fire misses the golden eye.
Casting: Starburst (mildly dangerous; 1% risk of failure)
Confirm with . or Enter, or press ? or * to list all spells.
Casting: Starburst (mildly dangerous; 1% risk of failure)
Press: ? - help, Dir - look around, f - activate You feel a surge of power!
The bolt of fire hits the golden eye!!!
You kill the golden eye!
Vehumet accepts your kill.
You feel your power returning.
There is a stone staircase leading up, spattered with blood here.
You start resting.
Magic restored.
You fly upwards.
There is a stone staircase leading down here.
Unknown command.
You fly downwards.
There is a stone staircase leading up, spattered with blood here.
There is a stone staircase leading down here.
You fly downwards.
A rockslime comes into view.
There is a stone staircase leading up here.
Casting: Starburst (mildly dangerous; 1% risk of failure)
Confirm with . or Enter, or press ? or * to list all spells.
Aiming: Iron Shot (mildly dangerous; 1% risk of failure)
Press: ? - help, Shift-Dir - straight line, f - rockslime
Aim: a rockslime (0% to evade)
You feel a surge of power!
The iron shot hits the rockslime!!
The rockslime is heavily wounded.
Casting: Iron Shot (mildly dangerous; 1% risk of failure)
Confirm with . or Enter, or press ? or * to list all spells.
Aiming: Iron Shot (mildly dangerous; 1% risk of failure)
Press: ? - help, Shift-Dir - straight line, f/p - rockslime
Aim: a rockslime (heavily wounded, 0% to evade)
You feel a surge of power!
The iron shot hits the rockslime!!
The rockslime is almost dead.
The rockslime misses you.
Casting: Iron Shot (mildly dangerous; 1% risk of failure)
Confirm with . or Enter, or press ? or * to list all spells.
Aiming: Iron Shot (mildly dangerous; 1% risk of failure)
Press: ? - help, Shift-Dir - straight line, f/p - rockslime
Aim: a rockslime (almost dead, 0% to evade)
You feel a surge of power!
The iron shot hits the rockslime!!
You kill the rockslime!
Vehumet accepts your kill.
You feel your power returning.
You start resting.
A slime creature comes into view.
There is a stone staircase leading down here.
You fly downwards.
There is a stone staircase leading up here.
Magic restored.
A rockslime comes into view.
A rockslime is nearby!
A rockslime is nearby!
A rockslime is nearby!
Casting: Iron Shot (mildly dangerous; 1% risk of failure)
Confirm with . or Enter, or press ? or * to list all spells.
Casting: Starburst (mildly dangerous; 1% risk of failure)
Press: ? - help, Dir - look around, f - activate
Okay, then.
Casting: Starburst (mildly dangerous; 1% risk of failure)
Confirm with . or Enter, or press ? or * to list all spells.
Aiming: Iron Shot (mildly dangerous; 1% risk of failure)
Press: ? - help, Shift-Dir - straight line, f - rockslime
Aim: a rockslime (asleep, 0% to evade)
You feel a surge of power!
The iron shot hits the rockslime!
The rockslime is moderately wounded.
The rockslime quivers.
An acid blob comes into view.
Casting: Iron Shot (mildly dangerous; 1% risk of failure)
Confirm with . or Enter, or press ? or * to list all spells.
Aiming: Iron Shot (mildly dangerous; 1% risk of failure)
Press: ? - help, Shift-Dir - straight line, f/p - rockslime
Aim: a rockslime (moderately wounded, 0% to evade)
You feel a surge of power!
The iron shot hits the rockslime!!!
You kill the rockslime!
Vehumet accepts your kill.
You feel your power returning.
The acid blob quivers.
The acid blob spits acid at you. The splash of acid hits you. You resist.
The acid corrodes you!
You are splashed with acid.
You resist.
Training target 20.0 for Fire Magic reached!
Your Fire Magic skill increases to level 20!
Casting: Iron Shot (mildly dangerous; 1% risk of failure)
Confirm with . or Enter, or press ? or * to list all spells.
Aiming: Iron Shot (mildly dangerous; 1% risk of failure)
Press: ? - help, Shift-Dir - straight line, f - acid blob
Aim: an acid blob (2% to evade)
You feel a surge of power!
The iron shot hits the acid blob!!!
The acid blob is heavily wounded.
Casting: Iron Shot (mildly dangerous; 1% risk of failure)
Confirm with . or Enter, or press ? or * to list all spells.
Aiming: Iron Shot (mildly dangerous; 1% risk of failure)
Press: ? - help, Shift-Dir - straight line, f/p - acid blob
Aim: an acid blob (heavily wounded, 2% to evade)
You feel a surge of power!
The iron shot hits the acid blob!!!
You kill the acid blob!
Vehumet accepts your kill.
You start resting.
A shining eye comes into view.
A shining eye is nearby!
You are no longer corroded.
Casting: Iron Shot (mildly dangerous; 1% risk of failure)
Confirm with . or Enter, or press ? or * to list all spells.
Aiming: Iron Shot (mildly dangerous; 1% risk of failure)
Press: ? - help, Shift-Dir - straight line, f - shining eye
Aim: a shining eye (wandering, hasn't noticed you, 0% to evade)
You feel a surge of power!
The iron shot hits the shining eye!!!
The shining eye is severely wounded.
The shining eye turns its gaze towards you.
Casting: Iron Shot (mildly dangerous; 1% risk of failure)
Confirm with . or Enter, or press ? or * to list all spells.
Aiming: Iron Shot (mildly dangerous; 1% risk of failure)
Press: ? - help, Shift-Dir - straight line, f/p - shining eye
Aim: a shining eye (severely wounded, 0% to evade)
You feel a surge of power!
The iron shot hits the shining eye!!!
You kill the shining eye!
Vehumet accepts your kill.
You feel your power returning.
Magic restored.
Found an escape hatch in the floor.
Found a stone staircase leading down.
An acid blob comes into view.
An acid blob is nearby!
An acid blob is nearby!
There is a stone staircase leading down here.
A shining eye comes into view.
The acid blob quivers.
Casting: Iron Shot (mildly dangerous; 1% risk of failure)
Confirm with . or Enter, or press ? or * to list all spells.
Aiming: Iron Shot (mildly dangerous; 1% risk of failure)
Press: ? - help, Shift-Dir - straight line, f - acid blob
Aim: an acid blob (2% to evade)
You feel a surge of power!
The iron shot hits the acid blob!!!
The acid blob is moderately wounded.
The acid blob spits acid at you. The splash of acid hits you. You resist.
You are splashed with acid!
You resist.
Casting: Iron Shot (mildly dangerous; 1% risk of failure)
Confirm with . or Enter, or press ? or * to list all spells.
Aiming: Iron Shot (mildly dangerous; 1% risk of failure)
Press: ? - help, Shift-Dir - straight line, f/p - acid blob
Aim: an acid blob (moderately wounded, 2% to evade)
You feel a surge of power!
The iron shot hits the acid blob!!
The acid blob is severely wounded.
The acid blob spits acid at you. The splash of acid hits you. You resist.
You are splashed with acid!
You resist.
Casting: Iron Shot (mildly dangerous; 1% risk of failure)
Confirm with . or Enter, or press ? or * to list all spells.
Aiming: Fireball (safe; 1% risk of failure)
Press: ? - help, Shift-Dir - straight line, p - acid blob You feel a surge of power!
The fireball explodes!
The fireball engulfs the shining eye!!!
The shining eye is almost dead.
The acid blob spits acid at you. The splash of acid hits you. You resist.
You are splashed with acid.
You resist. The shining eye gazes at you.
Strange energies course through your body.
You feel clumsy. The acid blob spits acid at you. You block the splash of acid.
Casting: Fireball (safe; 1% risk of failure)
Confirm with . or Enter, or press ? or * to list all spells.
Aiming: Fireball (safe; 1% risk of failure)
Press: ? - help, Shift-Dir - straight line You feel a surge of power!
The fireball explodes!
The fireball engulfs the shining eye!
You kill the shining eye!
Vehumet accepts your kill.
You feel your power returning. The acid blob spits acid at you.
The splash of acid hits you but does no damage.
You are splashed with acid!
You resist.
Unknown command.
Casting: Fireball (safe; 1% risk of failure)
Confirm with . or Enter, or press ? or * to list all spells.
Aiming: Iron Shot (mildly dangerous; 1% risk of failure)
Press: ? - help, Shift-Dir - straight line, f - acid blob
Aim: an acid blob (severely wounded, 2% to evade)
You feel a surge of power!
The iron shot hits the acid blob!!!
You kill the acid blob!
Vehumet accepts your kill.
You feel your power returning.
There is a stone staircase leading down here.
You start resting.
Magic restored.
You start resting.
HP restored.
There is a stone staircase leading down here.
You fly downwards.
Beware, you cannot shaft yourself on this level. 2 slime creatures come into view.
There is a stone staircase leading up here.
Unknown command.
Casting: Iron Shot (mildly dangerous; 1% risk of failure)
Confirm with . or Enter, or press ? or * to list all spells.
Casting: Starburst (mildly dangerous; 1% risk of failure)
Press: ? - help, Dir - look around, f - activate You feel a surge of power!
The bolt of fire hits the large slime creature!!!
The large slime creature is moderately wounded.
Casting: Starburst (mildly dangerous; 1% risk of failure)
Confirm with . or Enter, or press ? or * to list all spells.
Aiming: Iron Shot (mildly dangerous; 1% risk of failure)
Press: ? - help, Shift-Dir - straight line, f - slime creature
Aim: a slime creature (5% to evade)
You feel a surge of power!
The iron shot hits the slime creature!!!
The slime creature is severely wounded.
A large slime creature splits.
The slime creature completely misses you.
An eye of devastation comes into view.
Casting: Iron Shot (mildly dangerous; 1% risk of failure)
Confirm with . or Enter, or press ? or * to list all spells.
Aiming: Iron Shot (mildly dangerous; 1% risk of failure)
Press: ? - help, Shift-Dir - straight line, f/p - slime creature
Aim: a slime creature (severely wounded, 5% to evade)
You feel a surge of power!
The iron shot hits the slime creature!!!
You kill the slime creature!
Vehumet accepts your kill.
You feel your power returning. The slime creature hits you!
You block the slime creature's attack.
Casting: Iron Shot (mildly dangerous; 1% risk of failure)
Confirm with . or Enter, or press ? or * to list all spells.
Aiming: Iron Shot (mildly dangerous; 1% risk of failure)
Press: ? - help, Shift-Dir - straight line, f - slime creature
Aim: a slime creature (moderately wounded, 5% to evade)
You feel a surge of power!
The iron shot hits the slime creature!!!
The slime creature is almost dead.
An acid blob comes into view.
The slime creature barely misses you.
A slime creature comes into view.
The slime creature hits you!
Casting: Iron Shot (mildly dangerous; 1% risk of failure)
Confirm with . or Enter, or press ? or * to list all spells.
Aiming: Iron Shot (mildly dangerous; 1% risk of failure)
Press: ? - help, Shift-Dir - straight line, f/p - slime creature
Aim: a slime creature (almost dead, 5% to evade)
You feel a surge of power!
The iron shot hits the slime creature!!!
You kill the slime creature!
Vehumet accepts your kill.
You feel your power returning.
A slime creature comes into view. x2
You block the slime creature's attack.
Casting: Iron Shot (mildly dangerous; 1% risk of failure)
Confirm with . or Enter, or press ? or * to list all spells.
Aiming: Iron Shot (mildly dangerous; 1% risk of failure)
Press: ? - help, Shift-Dir - straight line, f - slime creature
Aim: a slime creature (moderately wounded, 5% to evade)
You feel a surge of power!
The iron shot hits the slime creature!!!
You kill the slime creature!
Vehumet accepts your kill.
You feel your power returning.
The slime creature quivers.
The acid blob spits acid at you. The splash of acid hits you. You resist.
The acid corrodes you!
You are splashed with acid.
You resist.
Casting: Iron Shot (mildly dangerous; 1% risk of failure)
Confirm with . or Enter, or press ? or * to list all spells.
Aiming: Iron Shot (mildly dangerous; 1% risk of failure)
Press: ? - help, Shift-Dir - straight line, f - eye of devastation
Aim: an eye of devastation (0% to evade)
You feel a surge of power!
The iron shot hits the eye of devastation!!!
The eye of devastation is severely wounded.
A slime creature comes into view.
Casting: Iron Shot (mildly dangerous; 1% risk of failure)
Confirm with . or Enter, or press ? or * to list all spells.
Casting: Ignition (dangerous; 1% risk of failure)
Press: ? - help, Dir - look around, f - activate The air bursts into flame!
The fireball engulfs the slime creature!!
The slime creature is heavily wounded.
The fireball engulfs the slime creature!!
The slime creature is moderately wounded.
The fireball engulfs the eye of devastation!!
You kill the eye of devastation!
Vehumet accepts your kill.
You feel your power returning.
The fireball engulfs the acid blob!!
The acid blob is moderately wounded.
The fireball engulfs the slime creature!!
The slime creature is heavily wounded.
The fireball engulfs the slime creature!!
The slime creature is heavily wounded.
The fireball engulfs the slime creature!!
The slime creature is almost dead.
The fireball engulfs the slime creature!!
You kill the slime creature!
Vehumet accepts your kill.
You feel your power returning.
The fireball engulfs the slime creature!
The slime creature is severely wounded.
The fireball engulfs the acid blob!!
The acid blob is heavily wounded.
Casting: Ignition (dangerous; 1% risk of failure)
Confirm with . or Enter, or press ? or * to list all spells.
Aiming: Iron Shot (mildly dangerous; 1% risk of failure)
Press: ? - help, Shift-Dir - straight line, f - acid blob
Aim: an acid blob (heavily wounded, 2% to evade)
You feel a surge of power!
The iron shot hits the acid blob!!
The acid blob is almost dead.
Casting: Iron Shot (mildly dangerous; 1% risk of failure)
Confirm with . or Enter, or press ? or * to list all spells.
Aiming: Iron Shot (mildly dangerous; 1% risk of failure)
Press: ? - help, Shift-Dir - straight line, f/p - acid blob
Aim: an acid blob (almost dead, 2% to evade)
You feel a surge of power!
The iron shot hits the acid blob!!!
You kill the acid blob!
Vehumet accepts your kill.
You feel your power returning.
Casting: Iron Shot (mildly dangerous; 1% risk of failure)
Confirm with . or Enter, or press ? or * to list all spells.
Aiming: Iron Shot (mildly dangerous; 1% risk of failure)
Press: ? - help, Shift-Dir - straight line, f - slime creature
Aim: a slime creature (heavily wounded, 5% to evade)
You feel a surge of power!
The iron shot hits the slime creature!!!
You kill the slime creature!
Vehumet accepts your kill.
* * * LOW MAGIC WARNING * * *
Casting: Iron Shot (mildly dangerous; 1% risk of failure)
Confirm with . or Enter, or press ? or * to list all spells.
Aiming: Iron Shot (mildly dangerous; 1% risk of failure)
Press: ? - help, Shift-Dir - straight line, f - slime creature
Aim: a slime creature (almost dead, 5% to evade)
You feel a surge of power!
The iron shot hits the slime creature!!
You kill the slime creature!
Vehumet accepts your kill.
You feel your power returning.
* * * LOW MAGIC WARNING * * *
A slime creature comes into view.
Casting: Iron Shot (mildly dangerous; 1% risk of failure)
Confirm with . or Enter, or press ? or * to list all spells.
Aiming: Iron Shot (mildly dangerous; 1% risk of failure)
Press: ? - help, Shift-Dir - straight line, f - slime creature
Aim: a slime creature (moderately wounded, 5% to evade)
You feel a surge of power!
The iron shot hits the slime creature!!!
You kill the slime creature!
Vehumet accepts your kill.
You feel your power returning.
* * * LOW MAGIC WARNING * * *
Okay, then.
You fly upwards.
There is a stone staircase leading down here.
You start resting.
You are no longer corroded.
You start resting.
Magic restored.
Okay, then.
HP restored.
You fly downwards.
Beware, you cannot shaft yourself on this level.
A slime creature comes into view.
The slime creature hits you but does no damage.
The slime creature hits you.
There is a stone staircase leading up, spattered with blood here.
Unknown command.
Casting: Iron Shot (mildly dangerous; 1% risk of failure)
Confirm with . or Enter, or press ? or * to list all spells.
Aiming: Iron Shot (mildly dangerous; 1% risk of failure)
Press: ? - help, Shift-Dir - straight line, f - slime creature
Aim: a slime creature (5% to evade)
You feel a surge of power!
The iron shot hits the slime creature!!!
The slime creature is almost dead.
The slime creature hits you!
Casting: Iron Shot (mildly dangerous; 1% risk of failure)
Confirm with . or Enter, or press ? or * to list all spells.
Aiming: Iron Shot (mildly dangerous; 1% risk of failure)
Press: ? - help, Shift-Dir - straight line, f/p - slime creature
Aim: a slime creature (almost dead, 5% to evade)
You feel a surge of power!
The iron shot hits the slime creature!!!
You kill the slime creature!
Vehumet accepts your kill.
Casting: Iron Shot (mildly dangerous; 1% risk of failure)
Confirm with . or Enter, or press ? or * to list all spells.
Aiming: Iron Shot (mildly dangerous; 1% risk of failure)
Press: ? - help, Shift-Dir - straight line, f - slime creature
Aim: a slime creature (5% to evade)
You feel a surge of power!
The iron shot hits the slime creature!!!
The slime creature is severely wounded.
Casting: Iron Shot (mildly dangerous; 1% risk of failure)
Confirm with . or Enter, or press ? or * to list all spells.
Aiming: Iron Shot (mildly dangerous; 1% risk of failure)
Press: ? - help, Shift-Dir - straight line, f/p - slime creature
Aim: a slime creature (severely wounded, 5% to evade)
You feel a surge of power!
The iron shot hits the slime creature!!!
You kill the slime creature!
Vehumet accepts your kill.
You feel your power returning.
You start resting.
HP restored.
Okay, then.
Magic restored.
A slime creature comes into view.
The slime creature moves out of view.
You set off the alarm!
A sentinel's mark forms upon you.
Found a condenser vane.
An acid blob is nearby!
A golden eye comes into view.
The golden eye blinks at you. You resist with almost no effort.
The golden eye blinks!
A slime creature comes into view.
The acid blob spits acid at you.
The splash of acid hits you but does no damage.
You are splashed with acid!
You resist.
There is a stone staircase leading up, spattered with blood here.
Casting: Iron Shot (mildly dangerous; 1% risk of failure)
Confirm with . or Enter, or press ? or * to list all spells.
Aiming: Iron Shot (mildly dangerous; 1% risk of failure)
Press: ? - help, Shift-Dir - straight line, f - slime creature
Aim: a slime creature (5% to evade)
You feel a surge of power!
The iron shot hits the slime creature!!!
The slime creature is severely wounded.
A slime creature comes into view.
The acid blob spits acid at you.
The splash of acid hits you but does no damage.
You are splashed with acid.
You resist.
Casting: Iron Shot (mildly dangerous; 1% risk of failure)
Confirm with . or Enter, or press ? or * to list all spells.
Casting: Ignition (dangerous; 1% risk of failure)
Press: ? - help, Dir - look around, f - activate The air bursts into flame!
The fireball engulfs the golden eye!!
You kill the golden eye!
Vehumet accepts your kill.
You feel your power returning.
The fireball engulfs the slime creature!
The slime creature is almost dead.
The fireball engulfs the acid blob!!
The acid blob is moderately wounded.
The fireball engulfs the rockslime.
The rockslime resists.
The rockslime is lightly wounded.
The fireball engulfs the slime creature!!
The slime creature is moderately wounded.
The fireball engulfs the acid blob!
The acid blob is heavily wounded.
Casting: Ignition (dangerous; 1% risk of failure)
Confirm with . or Enter, or press ? or * to list all spells.
Casting: Ignition (dangerous; 1% risk of failure)
Press: ? - help, Dir - look around, f - activate The air bursts into flame!
The fireball engulfs the slime creature!!
You kill the slime creature!
Vehumet accepts your kill.
You feel your power returning.
The fireball engulfs the acid blob!
The acid blob is heavily wounded.
The fireball engulfs the rockslime but does no damage.
The rockslime is lightly wounded.
The fireball engulfs the slime creature!!
The slime creature is severely wounded.
The fireball engulfs the rockslime.
The rockslime resists.
The rockslime is lightly wounded.
The fireball engulfs the acid blob!
The acid blob is severely wounded.
Casting: Ignition (dangerous; 1% risk of failure)
Confirm with . or Enter, or press ? or * to list all spells.
Casting: Ignition (dangerous; 1% risk of failure)
Press: ? - help, Dir - look around, f - activate The air bursts into flame!
The fireball engulfs the acid blob!!
The acid blob is almost dead.
The fireball engulfs the rockslime but does no damage.
The rockslime is lightly wounded.
The fireball engulfs the slime creature!
The slime creature is almost dead.
The fireball engulfs the rockslime.
The rockslime resists.
The rockslime is lightly wounded.
The fireball engulfs the acid blob!
You kill the acid blob!
Vehumet accepts your kill.
You feel your power returning.
A slime creature comes into view.
Casting: Ignition (dangerous; 1% risk of failure)
Confirm with . or Enter, or press ? or * to list all spells.
Aiming: Iron Shot (mildly dangerous; 1% risk of failure)
Press: ? - help, Shift-Dir - straight line, f - rockslime
Aim: a rockslime (lightly wounded, 0% to evade)
You feel a surge of power!
The iron shot hits the rockslime!!
The rockslime is heavily wounded.
The floating eye gazes piercingly through you!
Your stasis prevents you from being paralysed.
A slime creature comes into view.
Casting: Iron Shot (mildly dangerous; 1% risk of failure)
Confirm with . or Enter, or press ? or * to list all spells.
Aiming: Iron Shot (mildly dangerous; 1% risk of failure)
Press: ? - help, Shift-Dir - straight line, f/p - rockslime
Aim: a rockslime (heavily wounded, 0% to evade)
You feel a surge of power!
The iron shot hits the rockslime!!!
You kill the rockslime!
That felt strangely unrewarding.
The golden eye blinks at you. You resist with almost no effort.
Casting: Iron Shot (mildly dangerous; 1% risk of failure)
Confirm with . or Enter, or press ? or * to list all spells.
Casting: Ignition (dangerous; 1% risk of failure)
Press: ? - help, Dir - look around, f - activate The air bursts into flame!
The fireball engulfs the slime creature!!
The slime creature is moderately wounded.
The fireball engulfs the slime creature!!
The slime creature is heavily wounded.
The fireball engulfs the slime creature!!
The slime creature is heavily wounded.
The fireball engulfs the slime creature!!
The slime creature is heavily wounded.
The fireball engulfs the slime creature!!
The slime creature is moderately wounded.
The fireball engulfs the floating eye!!
You kill the floating eye!
Vehumet accepts your kill.
You feel your power returning.
The fireball engulfs the slime creature!!
You kill the slime creature!
Vehumet accepts your kill.
You feel your power returning.
The fireball engulfs the golden eye!!
You kill the golden eye!
Vehumet accepts your kill.
You feel your power returning.
The fireball engulfs the slime creature!!
The slime creature is almost dead.
The fireball engulfs the slime creature!!
You kill the slime creature!
Vehumet accepts your kill.
You feel your power returning.
The fireball engulfs the slime creature!!
The slime creature is almost dead.
Casting: Ignition (dangerous; 1% risk of failure)
Confirm with . or Enter, or press ? or * to list all spells.
Casting: Ignition (dangerous; 1% risk of failure)
Press: ? - help, Dir - look around, f - activate The air bursts into flame!
The fireball engulfs the glowing orange brain!!
The glowing orange brain is heavily wounded.
The fireball engulfs the slime creature!!
The slime creature is severely wounded.
The fireball engulfs the rockslime.
The rockslime resists.
The rockslime is lightly wounded.
The fireball engulfs the slime creature!!
The slime creature is almost dead.
The fireball engulfs the slime creature!
You kill the slime creature!
Vehumet accepts your kill.
You feel your power returning. Vehumet accepts your kill.
You feel your power returning.
You feel a bit more experienced.
The fireball engulfs the slime creature!!
You kill the slime creature!
Vehumet accepts your kill.
You feel your power returning.
The glowing orange brain pulsates.
The glowing orange brain radiates an aura of fear!
You resist with almost no effort.
Casting: Ignition (dangerous; 1% risk of failure)
Confirm with . or Enter, or press ? or * to list all spells.
Casting: Ignition (dangerous; 1% risk of failure)
Press: ? - help, Dir - look around, f - activate The air bursts into flame!
The fireball engulfs the glowing orange brain!!
The glowing orange brain is almost dead.
The fireball engulfs the rockslime.
The rockslime resists.
The rockslime is lightly wounded.
The fireball engulfs the slime creature!!
You kill the slime creature!
Vehumet accepts your kill.
You feel your power returning.
The glowing orange brain pulsates.
You feel dopey. Something feeds on your intellect!
Casting: Ignition (dangerous; 1% risk of failure)
Confirm with . or Enter, or press ? or * to list all spells.
Casting: Ignition (dangerous; 1% risk of failure)
Press: ? - help, Dir - look around, f - activate The air bursts into flame!
The fireball engulfs the glowing orange brain!!
You kill the glowing orange brain!
Vehumet accepts your kill.
You feel your power returning.
The fireball engulfs the rockslime.
The rockslime completely resists.
The rockslime is lightly wounded.
The fireball engulfs the acid blob!!
The acid blob is moderately wounded.
Casting: Ignition (dangerous; 1% risk of failure)
Confirm with . or Enter, or press ? or * to list all spells.
Aiming: Iron Shot (mildly dangerous; 1% risk of failure)
Press: ? - help, Shift-Dir - straight line, f - rockslime
Aim: a rockslime (lightly wounded, 0% to evade)
You feel a surge of power!
The iron shot hits the rockslime!!
The rockslime is heavily wounded.
Casting: Iron Shot (mildly dangerous; 1% risk of failure)
Confirm with . or Enter, or press ? or * to list all spells.
Aiming: Iron Shot (mildly dangerous; 1% risk of failure)
Press: ? - help, Shift-Dir - straight line, f/p - rockslime
Aim: a rockslime (heavily wounded, 0% to evade)
You feel a surge of power!
The iron shot hits the rockslime!!!
You kill the rockslime!
That felt strangely unrewarding.
* * * LOW MAGIC WARNING * * *
The acid blob spits acid at you. The splash of acid misses you.
You fly upwards.
There is a stone staircase leading down here.
You start resting.
The sentinel's mark upon you fades away.
You start resting.
HP restored.
You start resting.
Magic restored.
You fly downwards.
Beware, you cannot shaft yourself on this level.
The acid blob spits acid at you. The splash of acid hits you. You resist.
The acid corrodes you!
You are splashed with acid.
You resist.
There is a stone staircase leading up, spattered with blood here.
Casting: Iron Shot (mildly dangerous; 1% risk of failure)
Confirm with . or Enter, or press ? or * to list all spells.
Aiming: Iron Shot (mildly dangerous; 1% risk of failure)
Press: ? - help, Shift-Dir - straight line, f - rockslime
Aim: a rockslime (0% to evade)
You feel a surge of power!
The iron shot hits the rockslime!!
The rockslime is moderately wounded.
The acid blob jiggles.
Casting: Iron Shot (mildly dangerous; 1% risk of failure)
Confirm with . or Enter, or press ? or * to list all spells.
Aiming: Iron Shot (mildly dangerous; 1% risk of failure)
Press: ? - help, Shift-Dir - straight line, f/p - rockslime
Aim: a rockslime (moderately wounded, 0% to evade)
You feel a surge of power!
The iron shot hits the rockslime!!!
You kill the rockslime!
That felt strangely unrewarding.
Casting: Iron Shot (mildly dangerous; 1% risk of failure)
Confirm with . or Enter, or press ? or * to list all spells.
Aiming: Iron Shot (mildly dangerous; 1% risk of failure)
Press: ? - help, Shift-Dir - straight line, f - rockslime
Aim: a rockslime (0% to evade)
You feel a surge of power!
The iron shot hits the rockslime!!
The rockslime is severely wounded.
The acid blob misses you.
An acid blob comes into view.
Casting: Iron Shot (mildly dangerous; 1% risk of failure)
Confirm with . or Enter, or press ? or * to list all spells.
Aiming: Iron Shot (mildly dangerous; 1% risk of failure)
Press: ? - help, Shift-Dir - straight line, f/p - rockslime
Aim: a rockslime (severely wounded, 0% to evade)
You feel a surge of power!
The iron shot hits the rockslime!
The rockslime is almost dead.
An acid blob comes into view.
The rockslime hits you!
You are shoved backwards!
Casting: Iron Shot (mildly dangerous; 1% risk of failure)
Confirm with . or Enter, or press ? or * to list all spells.
You feel a surge of power!
You erupt in a blast of force!
The mystic blast hits the acid blob!!
The acid blob is lightly wounded.
The acid blob is knocked back by the mystic blast.
The mystic blast hits the rockslime but does no damage.
The mystic blast hits the rockslime!!
You kill the rockslime!
That felt strangely unrewarding.
You are splashed with acid.
You resist. The acid blob spits acid at you. The splash of acid hits you.
You resist.
You are splashed with acid!
You resist. The acid blob spits acid at you. The splash of acid hits you.
You resist.
You are splashed with acid.
You resist.
Unknown command.
A slime creature comes into view.
The acid blob spits acid at you.
The splash of acid hits you but does no damage.
The acid corrodes you!
You are splashed with acid.
You resist. The rockslime misses you. The rockslime hits you!!!
You are shoved backwards!
The acid blob spits acid at you.
The splash of acid hits you but does no damage.
You are splashed with acid.
You resist.
Casting: Iskenderun's Mystic Blast (safe; 1% risk of failure)
Confirm with . or Enter, or press ? or * to list all spells.
You feel a surge of power!
You erupt in a blast of force!
The mystic blast hits the rockslime but does no damage.
You are splashed with acid.
You resist.
* * * LOW HITPOINT WARNING * * *
The rockslime hits you.
* * * LOW HITPOINT WARNING * * *
You are shoved backwards!
Casting: Iskenderun's Mystic Blast (safe; 1% risk of failure)
Confirm with . or Enter, or press ? or * to list all spells.
Aiming: Passage of Golubria (mildly dangerous; 1% risk of failure)
Press: ? - help, Dir - move target You are splashed with acid!
You resist.
* * * LOW HITPOINT WARNING * * *
The acid blob spits acid at you. The splash of acid hits you. You resist.
* * * LOW HITPOINT WARNING * * *
You are splashed with acid!
You resist.
* * * LOW HITPOINT WARNING * * *
You block the rockslime's attack. The acid blob spits acid at you.
The splash of acid hits you. You resist.
* * * LOW HITPOINT WARNING * * *
You are splashed with acid.
You resist.
* * * LOW HITPOINT WARNING * * *
The acid blob spits acid at you. You block the splash of acid.
The rockslime jiggles.
The rockslime hits you!!
* * * LOW HITPOINT WARNING * * *
You are shoved backwards!
You enter the passage of Golubria.
The acid blob spits acid at you. The splash of acid misses you.
The acid blob spits acid at you. The splash of acid hits you! You resist.
* * * LOW HITPOINT WARNING * * *
You are splashed with acid.
You resist.
* * * LOW HITPOINT WARNING * * *
The acid blob spits acid at you. The splash of acid hits you. You resist.
* * * LOW HITPOINT WARNING * * *
You are splashed with acid!
You resist.
You die...

##...............
##.#..............
#.................
##.................
#..................
##.................
#.................
##................
#.....@..........
##...............
###...............
####................
...###.#..J.............
........................
........<.ยง.............
#.......J..J..........##
#.....................#


You could see 2 acid blobs and a rockslime.

Vanquished Creatures
  the Royal Jelly (Slime:5)
  Saint Roka (Elf:3)
  Nikola (Elf:1)
  A tentacled monstrosity (Vaults:1)
  A lich (Vaults:3)
  4 deep elf blademasters (Elf:3)
  4 deep elf master archers (Elf:3)
  14 acid blobs
  4 krakens
  Frances (D:14)
  Polyphemus (Shoals:3)
  A tengu reaver (Vaults:2)
  Agnes (Elf:1)
  11 azure jellies
  8 rockslimes
  Donald (Shoals:1)
  2 frost giants
  5 deep elf sorcerers
  8 nagarajas
  A fire giant (Vaults:2)
  Ilsuiw (Shoals:3)
  Aizul (Shoals:3)
  12 vault wardens
  6 orc warlords
  3 deep elf elementalists
  9 ironbound preservers
  9 quicksilver oozes
  8 very ugly things
  Nessos (D:13)
  2 stone giants
  8 dire elephants
  2 deep elf demonologists
  Azrael (Snake:2)
  7 deep elf annihilators
  2 entropy weavers
  6 deep elf death magi
  2 salamander tyrants
  5 merfolk javelineers
  4 ettins
  9 merfolk impalers
  4 deep elf high priests
  9 ironbound thunderhulks
  Harold (D:8)
  16 yaktaur captains
  2 boulder beetles (D:15)
  4 great orbs of eyes
  Erolcha (D:12)
  A centaur warrior (D:14)
  An ice dragon (Snake:2)
  3 catoblepae
  4 alligator snapping turtles
  5 hydras
  6 ironbound frosthearts
  2 ogre magi (D:15)
  3 vault guards
  4 merfolk avatars
  4 merfolk aquamancers (Shoals:4)
  A deep troll shaman (Lair:6)
  19 naga warriors
  20 dancing weapons
  10 anacondas
  3 tengu warriors
  A deep troll earth mage (Vaults:3)
  5 satyrs
  10 naga sharpshooters
  5 orc high priests
  13 death yaks
  A vampire mage (D:15)
  6 ironbound beastmasters
  15 two-headed ogres
  14 deep elf knights
  11 shock serpents
  17 sea snakes
  6 skeletal warriors
  2 glowing orange brains
  13 ironbound convokers
  12 naga ritualists
  2 phantasmal warriors
  23 deep elf pyromancers
  20 deep trolls
  13 harpies
  14 wizards
  6 lindwurms
  2 orange crystal statues
  11 deep elf archers
  25 deep elf zephyrmancers
  14 orc knights
  A golden dragon skeleton (D:15)
  3 shining eyes
  13 mana vipers
  4 necromancers
  A wolf spider (D:14)
  43 ugly things
  10 salamanders
  15 fauns
  4 cyclopes
  9 orc sorcerers
  16 manticores
  12 merfolk sirens
  3 elephants (Lair:6)
  2 guardian serpents (Snake:2)
  19 vault sentinels
  A fire giant skeleton (D:15)
  27 naga magi
  48 black mambas
  2 eyes of devastation
  8 water nymphs
  10 cane toads
  3 torpor snails
  An ice statue (Snake:2)
  3 efreet
  4 rime drakes
  A freezing wraith (Vaults:1)
  36 yaktaurs
  13 komodo dragons
  An unseen horror (D:10)
  A yaktaur skeleton (Vaults:1)
  A guardian mummy (D:15)
  2 human skeletons (Vaults:1)
  A meliai (shapeshifter) (Elf:3)
  11 trolls
  41 merfolk
  3 polar bears
  8 wind drakes
  Grinder (D:4)
  2 hornets
  15 blink frogs
  A hornet (shapeshifter) (D:13)
  A wind drake (shapeshifter) (Elf:3)
  80 slime creatures
  7 snapping turtles
  An ice dragon zombie (D:15)
  A spriggan zombie (D:15)
  15 dream sheep
  4 air elementals
  4 redbacks
  43 yaks
  2 shadows
  A vampire (D:9)
  5 water elementals
  A wraith (D:9)
  12 wyverns
  A fire elemental (Elf:1)
  A tarantella (shapeshifter) (D:15)
  5 basilisks
  9 golden eyes
  2 steam dragons (D:7)
  6 wargs
  2 acid dragons
  36 nagas
  4 hell hounds
  A floating eye (Slime:5)
  27 water moccasins
  45 orc warriors
  An ice beast (D:3)
  5 black bears
  A swamp drake (D:8)
  A sky beast (D:7)
  25 wolves
  18 ogres
  11 centaurs
  5 boggarts (Vaults:1)
  A phantom (D:5)
  2 elf zombies (Ossuary)
  2 kobold brigands
  A wyvern zombie (D:7)
  7 bullfrogs
  3 earth elementals
  27 killer bees
  An electric eel (D:11)
  8 howler monkeys
  2 centaur zombies
  4 bullfrog zombies
  4 hounds
  4 lava snakes (D:10)
  3 jellies
  A human zombie (Ossuary)
  30 orc priests
  2 bullfrog skeletons
  A centaur skeleton (D:7)
  23 orc wizards
  A removed worker ant (D:5)
  3 killer bee zombies
  2 hound zombies (Ossuary)
  3 mummies (Ossuary)
  A gnoll (D:4)
  A removed worker ant zombie (D:5)
  11 adders
  A river rat (shapeshifter) (Elf:3)
  3 shadow imps
  2 white imps
  5 adder zombies (Ossuary)
  An adder skeleton (D:2)
  4 worms
  2 dart slugs
  107 orcs
  7 ball pythons
  8 endoplasms
  4 giant cockroaches
  A gnoll zombie (Ossuary)
  7 goblins
  4 hobgoblins
  6 jackals
  14 kobolds
  6 quokkas
  6 bats
  3 frilled lizards
  3 goblin zombies (Ossuary)
  2 hobgoblin zombies (Ossuary)
  7 jackal zombies (Ossuary)
  3 kobold zombies (Ossuary)
  2 orc zombies (Ossuary)
  A quokka zombie (Ossuary)
  9 rats
  5 rat zombies (Ossuary)
  A bush (Lair:6)
  3 tentacles
1711 creatures vanquished.

Vanquished Creatures (collateral kills)
  Mara (Shoals:3)
1 creature vanquished.

Vanquished Creatures (others)
  An endoplasm (D:2)
  A bush (Lair:6)
  122 foxfires
  52 fungi
  137 plants
  22 tentacles
  9 withered plants (D:15)
344 creatures vanquished.

Grand Total: 2056 creatures vanquished

Notes
Turn   | Place    | Note
-------+----------+-------------------------------------------
     0 | D:1      | sleeves the Formicid Conjurer began the quest for the Orb.
     0 | D:1      | Reached XP level 1. HP: 13/13 MP: 3/3
    30 | D:1      | HP: 6/13 [jackal (1)]
    42 | D:1      | HP: 3/13 [jackal (1)]
    52 | D:1      | HP: 1/13 [jackal (2)]
   394 | D:1      | Reached skill level 4 in Conjurations
   394 | D:1      | Reached XP level 2. HP: 19/19 MP: 0/5
   794 | D:1      | Learned a level 2 spell: Searing Ray
  1100 | D:1      | Reached XP level 3. HP: 23/24 MP: 0/6
  1234 | D:1      | Found Tazxen's Magic Scroll Shop.
  1864 | D:1      | Bought a scroll of identify for 28 gold pieces
  2129 | D:2      | Reached XP level 4. HP: 30/30 MP: 5/7
  2299 | D:2      | Reached skill level 5 in Conjurations
  2407 | D:2      | Found a radiant altar of Vehumet.
  2413 | D:2      | Became a worshipper of Vehumet
  3266 | D:3      | Reached XP level 5. HP: 35/35 MP: 6/8
  3486 | D:3      | Found a faded altar of an unknown god.
  3588 | D:3      | Noticed an ice beast
  3616 | D:3      | Killed an ice beast
  3617 | D:3      | Reached skill level 3 in Spellcasting
  3617 | D:3      | Reached XP level 6. HP: 41/41 MP: 1/10
  3844 | D:3      | Reached skill level 6 in Conjurations
  3858 | D:4      | Noticed an ogre
  3877 | D:3      | Killed an ogre
  4060 | D:4      | Found a sand-covered staircase.
  4067 | Ossuary  | Entered an ossuary
  4141 | Ossuary  | Reached * piety under Vehumet
  4141 | Ossuary  | Offered knowledge of Freeze by Vehumet.
  4215 | Ossuary  | Reached skill level 4 in Spellcasting
  4215 | Ossuary  | Reached XP level 7. HP: 35/46 MP: 1/13
  4826 | Ossuary  | Offered knowledge of Foxfire by Vehumet.
  4828 | Ossuary  | Reached ** piety under Vehumet
  4832 | Ossuary  | Learned a level 1 spell: Foxfire
  5331 | D:4      | Reached skill level 5 in Spellcasting
  5331 | D:4      | Reached skill level 1 in Fire Magic
  5444 | D:4      | Noticed Grinder
  5457 | D:4      | Killed Grinder
  5458 | D:4      | Reached skill level 7 in Conjurations
  5458 | D:4      | Reached skill level 2 in Fire Magic
  5458 | D:4      | Reached XP level 8. HP: 52/52 MP: 2/16
  5910 | D:4      | Reached skill level 1 in Shields
  6145 | D:5      | Entered Level 5 of the Dungeon
  6485 | D:5      | Reached skill level 2 in Shields
  6485 | D:5      | Reached skill level 3 in Fire Magic
  7056 | D:5      | Reached skill level 6 in Spellcasting
  7398 | D:6      | Reached skill level 3 in Shields
  7398 | D:6      | Reached XP level 9. HP: 45/57 MP: 10/18
  7740 | D:6      | Found a white marble altar of Elyvilon.
  7771 | D:6      | Found a staircase to the Ecumenical Temple.
  7888 | D:6      | Offered knowledge of Conjure Flame by Vehumet.
  7893 | D:6      | Learned a level 3 spell: Conjure Flame
  7898 | D:6      | Learned a level 4 spell: Iskenderun's Mystic Blast
  8244 | D:7      | Reached skill level 4 in Fire Magic
  8333 | D:7      | Reached skill level 4 in Shields
  8566 | D:7      | Reached skill level 8 in Conjurations
  8669 | D:7      | Reached skill level 7 in Spellcasting
  8764 | D:7      | Reached skill level 5 in Fire Magic
  8774 | D:7      | Reached *** piety under Vehumet
  8963 | D:7      | Reached XP level 10. HP: 46/63 MP: 13/21
  9598 | D:8      | Noticed Harold
  9615 | D:8      | Killed Harold
  9616 | D:8      | Reached skill level 8 in Spellcasting
  9616 | D:8      | Reached skill level 9 in Conjurations
  9616 | D:8      | Reached skill level 6 in Fire Magic
  9990 | D:8      | Found a blossoming altar of Fedhas.
  9992 | D:8      | Noticed an oklob plant
 10053 | D:8      | Noticed a komodo dragon
 10063 | D:8      | Killed a komodo dragon
 10063 | D:8      | Noticed a komodo dragon
 10074 | D:8      | Killed a komodo dragon
 10221 | D:8      | Noticed a komodo dragon
 10246 | D:8      | Killed a komodo dragon
 10247 | D:8      | Reached skill level 7 in Fire Magic
 10520 | D:8      | Found a staircase to the Lair.
 10830 | D:9      | Reached skill level 9 in Spellcasting
 11488 | D:9      | Found a staircase to the Orcish Mines.
 11502 | D:9      | Reached XP level 11. HP: 68/68 MP: 15/24
 11977 | D:9      | Reached skill level 2 in Dodging
 12258 | D:10     | Entered Level 10 of the Dungeon
 12261 | D:10     | Offered knowledge of Frozen Ramparts by Vehumet.
 12297 | D:9      | Reached skill level 1 in Fighting
 12297 | D:9      | Reached skill level 1 in Armour
 12474 | Orc:1    | Entered Level 1 of the Orcish Mines
 12853 | D:10     | HP: 35/71 [killer bee (4)]
 12873 | D:10     | HP: 32/71 [unseen horror (3)]
 12875 | D:10     | Reached skill level 2 in Armour
 13109 | D:10     | Reached skill level 2 in Fighting
 13492 | D:11     | Reached skill level 10 in Conjurations
 13517 | D:11     | Identified the +6 broad axe of Zuficed {flame, +Rage +Fly
                  | rC- SInv}
 13550 | D:11     | HP: 29/72 [troll (15)]
 13770 | D:11     | Noticed a two-headed ogre
 13776 | D:11     | Killed a two-headed ogre
 13777 | D:11     | Reached skill level 3 in Dodging
 13777 | D:11     | Reached skill level 8 in Fire Magic
 13803 | D:11     | Found an ancient bone altar of Kikubaaqudgha.
 14040 | D:11     | HP: 25/74 [acid (16)]
 14844 | D:12     | Found Nennek's Assorted Antiques.
 14857 | D:12     | Bought a brightly glowing silver amulet for 150 gold pieces
 14857 | D:12     | Identified the amulet of Law {Faith rN+ Int+2 SInv} (You
                  | bought it in a shop on level 12 of the Dungeon)
 14857 | D:12     | Bought a twisted robe for 171 gold pieces
 14857 | D:12     | Identified the +0 robe "Obbamoig" {rPois Regen+} (You
                  | bought it in a shop on level 12 of the Dungeon)
 14870 | D:12     | Noticed a two-headed ogre
 14877 | D:12     | Killed a two-headed ogre
 14878 | D:12     | Reached skill level 3 in Fighting
 14878 | D:12     | Reached skill level 3 in Armour
 15477 | D:12     | HP: 20/75 [very large slime creature (49)]
 15890 | D:12     | Noticed a six-headed hydra
 16013 | D:11     | HP: 25/75 [acid (17)]
 16234 | Lair:1   | Entered Level 1 of the Lair of Beasts
 16295 | Lair:1   | HP: 34/75 [wolf (5)]
 16849 | Lair:1   | HP: 38/76 [polar bear (28)]
 17143 | Lair:1   | Reached skill level 4 in Fighting
 17143 | Lair:1   | Reached skill level 4 in Armour
 17143 | Lair:1   | Reached XP level 12. HP: 53/83 MP: 5/25
 17148 | Lair:1   | Reached skill level 4 in Dodging
 17159 | Lair:1   | HP: 38/83 [blink frog (7)]
 17175 | Lair:1   | HP: 30/83 [blink frog (6)]
 17809 | Lair:1   | Reached **** piety under Vehumet
 17810 | Lair:1   | Reached skill level 10 in Spellcasting
 18403 | Lair:2   | Reached skill level 5 in Armour
 18422 | Lair:2   | Found a gate leading to a gauntlet.
 18439 | Lair:2   | Reached skill level 5 in Fighting
 18445 | Lair:2   | Reached skill level 9 in Fire Magic
 18470 | Lair:2   | Found a runed translucent gate.
 18470 | Lair:2   | Found a runed translucent gate.
 18470 | Lair:2   | Found a runed translucent gate.
 18707 | Lair:2   | Offered knowledge of Fireball by Vehumet.
 18716 | Lair:2   | Learned a level 5 spell: Fireball
 18798 | Lair:2   | Reached skill level 5 in Dodging
 19117 | Lair:2   | Noticed Junaliek's ghost (journeyman MiFi)
 19758 | Lair:2   | Reached skill level 6 in Armour
 19831 | Lair:3   | Reached XP level 13. HP: 57/93 MP: 18/27
 19960 | Lair:3   | Reached skill level 6 in Fighting
 20297 | Lair:3   | Reached skill level 11 in Conjurations
 20792 | Lair:3   | Found a staircase to the Shoals.
 21155 | Lair:4   | Reached ***** piety under Vehumet
 21259 | Lair:4   | Reached skill level 6 in Dodging
 21288 | Lair:4   | Found a staircase to the Snake Pit.
 21297 | Lair:4   | Offered knowledge of Sticky Flame by Vehumet.
 21298 | Lair:4   | Reached skill level 11 in Spellcasting
 21524 | Lair:4   | Reached skill level 7 in Armour
 21805 | Lair:4   | Reached skill level 10 in Fire Magic
 21825 | Lair:4   | Reached skill level 7 in Fighting
 21830 | Lair:4   | Learned a level 4 spell: Sticky Flame
 22153 | Lair:4   | Found a shimmering blue altar of Sif Muna.
 23169 | Lair:5   | Noticed a seven-headed hydra
 23558 | Lair:5   | Killed a seven-headed hydra
 23559 | Lair:5   | Reached XP level 14. HP: 103/103 MP: 29/29
 23629 | Lair:5   | Upgraded the game from 0.27-a0-765-ge4d627daa3 to
                  | 0.27-a0-773-gaaee5cf45b
 23789 | Lair:6   | Entered Level 6 of the Lair of Beasts
 23898 | Lair:6   | Reached skill level 8 in Armour
 24015 | Lair:6   | Reached skill level 7 in Dodging
 24101 | Lair:6   | Reached skill level 8 in Fighting
 24273 | Lair:6   | Identified the +2 kite shield of Demons {rF+ Will+}
 24576 | Lair:6   | Offered knowledge of Iskenderun's Battlesphere by Vehumet.
 24583 | Lair:6   | Learned a level 5 spell: Iskenderun's Battlesphere
 24920 | Lair:6   | Reached skill level 5 in Shields
 25205 | Lair:6   | Found a viscous altar of Jiyva.
 25206 | Lair:6   | Found a staircase to the Slime Pits.
 25511 | Lair:6   | Reached skill level 12 in Conjurations
 25638 | Lair:6   | Noticed a dire elephant
 25651 | Lair:6   | HP: 40/106 [dire elephant (35)]
 25708 | Lair:6   | HP: 42/106 [dire elephant (22)]
 25716 | Lair:6   | Killed a dire elephant
 25717 | Lair:6   | Reached skill level 9 in Armour
 25717 | Lair:6   | Reached skill level 11 in Fire Magic
 26329 | Orc:1    | Reached XP level 15. HP: 108/112 MP: 29/30
 26342 | D:9      | Reached skill level 12 in Spellcasting
 26800 | D:12     | Noticed Erolcha
 26895 | D:12     | Reached skill level 9 in Fighting
 26942 | D:12     | Killed Erolcha
 26943 | D:12     | Reached skill level 6 in Shields
 27230 | D:12     | Found a sparkling altar of Nemelex Xobeh.
 27498 | D:13     | Found a portal to a secret trove of treasure.
 27498 | D:13     | Noticed Nessos
 27501 | D:13     | Killed Nessos
 27502 | D:13     | Reached skill level 8 in Dodging
 28274 | D:13     | Found a gate to the Vaults.
 28839 | D:14     | Reached skill level 7 in Shields
 29062 | D:14     | Noticed Frances
 29074 | D:14     | Killed Frances
 29606 | D:14     | Offered knowledge of Irradiate by Vehumet.
 29607 | D:14     | Noticed a frost giant
 29612 | D:14     | HP: 45/115 [frost giant/bolt of cold (15)]
 29616 | D:14     | HP: 12/115 [frost giant/+1 battleaxe of freezing (44)]
 29616 | D:14     | HP: 2/115 [frost giant/+1 battleaxe of freezing (10)]
 29621 | D:14     | Killed a frost giant
 29622 | D:14     | Reached skill level 10 in Armour
 29795 | D:14     | Noticed a stone giant
 29800 | D:14     | Killed a stone giant
 30078 | D:15     | Entered Level 15 of the Dungeon
 30086 | D:15     | Reached XP level 16. HP: 122/122 MP: 16/32
 30204 | D:15     | Found a staircase to the Depths.
 30304 | D:15     | HP: 54/122 [golden dragon skeleton (25)]
 30380 | D:15     | Reached skill level 10 in Fighting
 30742 | D:15     | Reached skill level 8 in Shields
 30927 | D:15     | Reached skill level 9 in Dodging
 32115 | Orc:1    | HP: 57/123 [ettin/+0 dire flail (15)]
 32123 | Orc:1    | HP: 56/123 [orc priest/nerve-wracking pain (11)]
 32138 | Orc:1    | Reached skill level 12 in Fire Magic
 32151 | D:9      | HP: 58/123 [troll[an orc warlord] (9)]
 32923 | Orc:2    | Entered Level 2 of the Orcish Mines
 33359 | Orc:2    | Offered knowledge of Orb of Destruction by Vehumet.
 33477 | Orc:2    | Found Eshodykh's General Store.
 33488 | Orc:2    | Found Nod Vakaaxyu's Distillery.
 33617 | Orc:2    | Reached skill level 13 in Spellcasting
 33726 | Orc:2    | Bought a potion of heal wounds for 90 gold pieces
 34507 | Orc:2    | Found a staircase to the Elven Halls.
 34699 | Orc:2    | Reached skill level 13 in Conjurations
 34822 | Orc:2    | Found Koal's Assorted Antiques.
 34825 | Orc:2    | Reached skill level 9 in Shields
 35059 | Orc:2    | Reached skill level 11 in Armour
 35181 | Orc:2    | Found Ruys's Book Emporium.
 35258 | Orc:2    | Reached XP level 17. HP: 124/130 MP: 30/34
 35481 | Orc:2    | Reached ****** piety under Vehumet
 35640 | Orc:2    | Bought a Necronomicon for 1545 gold pieces
 35829 | D:12     | Bought a transparent mace for 240 gold pieces
 35829 | D:12     | Identified the +12 mace "Ceptoaga" {flame, rF+} (You bought
                  | it in a shop on level 12 of the Dungeon)
 36024 | Orc:2    | Bought a dazzling scale mail for 243 gold pieces
 36024 | Orc:2    | Identified the +1 scale mail of the Devil {*Drain +Blink
                  | rPois Slay-6 SInv} (You bought it in a shop on level 2 of
                  | the Orcish Mines)
 36292 | Snake:1  | Entered Level 1 of the Snake Pit
 36358 | Snake:1  | Reached skill level 11 in Fighting
 36496 | Snake:1  | Offered knowledge of Bolt of Magma by Vehumet.
 36563 | Lair:4   | Learned a level 5 spell: Bolt of Magma
 36882 | Snake:1  | Reached skill level 1 in Earth Magic
 37024 | Snake:1  | HP: 60/131 [shock serpent (7)]
 37039 | Snake:1  | HP: 37/131 [poisoned by a naga (splash of poison)]
 37363 | Snake:1  | Reached skill level 2 in Earth Magic
 38024 | Snake:1  | Reached skill level 3 in Earth Magic
 38163 | Snake:2  | Reached skill level 10 in Dodging
 38623 | Snake:2  | Reached skill level 4 in Earth Magic
 38723 | Snake:2  | Noticed Azrael
 38769 | Snake:2  | HP: 62/133 [Azrael/damnation (20)]
 38771 | Snake:2  | Killed Azrael
 39131 | Snake:2  | HP: 62/133 [shock serpent/bolt of electricity (23)]
 39548 | Snake:2  | Reached skill level 12 in Armour
 39613 | Snake:2  | Reached skill level 5 in Earth Magic
 39811 | Snake:2  | Reached skill level 12 in Fighting
 40047 | Snake:2  | Offered knowledge of Yara's Violent Unravelling by Vehumet.
 40048 | Snake:2  | Reached skill level 6 in Earth Magic
 40911 | Snake:3  | Reached skill level 11 in Dodging
 41113 | Snake:3  | Reached XP level 18. HP: 123/140 MP: 32/35
 41144 | Snake:3  | HP: 66/140 [salamander/+4 glaive (17)]
 41748 | Snake:3  | HP: 66/140 [shock serpent/electric aura (9)]
 41752 | Snake:3  | Reached skill level 12 in Dodging
 42491 | Snake:3  | Reached skill level 1 in Evocations
 42496 | Snake:3  | Reached skill level 1 in Staves
 42750 | Snake:3  | Identified the Volume of the Mutagenic Mountains
 43125 | Snake:4  | Entered Level 4 of the Snake Pit
 43159 | Snake:4  | Found Emapn's Magic Scroll Shop.
 43536 | Snake:4  | Reached skill level 2 in Evocations
 43701 | Snake:4  | Reached skill level 2 in Staves
 44018 | Snake:4  | HP: 70/140 [anaconda (2)]
 44350 | Snake:4  | Reached skill level 7 in Earth Magic
 44492 | Snake:4  | Reached skill level 3 in Evocations
 44495 | Snake:4  | Offered knowledge of Lehudib's Crystal Spear by Vehumet.
 44934 | Snake:4  | HP: 66/140 [poisoned by a nagaraja (splash of poison)]
 45383 | Snake:4  | Reached skill level 13 in Fire Magic
 46245 | Snake:4  | Reached XP level 19. HP: 146/146 MP: 12/36
 46458 | Snake:4  | Reached skill level 14 in Conjurations
 46461 | Snake:4  | Reached skill level 14 in Spellcasting
 46790 | Snake:4  | Got a serpentine rune of Zot
 47262 | Shoals:1 | Entered Level 1 of the Shoals
 47262 | Shoals:1 | Noticed Donald
 47268 | Shoals:1 | Killed Donald
 47728 | Shoals:1 | Found Zymod's Antique Armour Shop.
 47857 | Shoals:1 | Bought a translucent cloak for 266 gold pieces
 47857 | Shoals:1 | Identified the +2 cloak of the Clam {SInv} (You bought it
                  | in a shop on level 1 of the Shoals)
 47897 | Shoals:1 | Bought a pair of embroidered boots for 210 gold pieces
 47929 | Shoals:1 | Reached skill level 15 in Spellcasting
 48421 | Shoals:1 | Found Ynuck's Weapon Emporium.
 48430 | Shoals:1 | Offered knowledge of Fire Storm by Vehumet.
 48430 | Shoals:1 | Offered knowledge of Chain Lightning by Vehumet.
 48430 | Shoals:1 | Offered knowledge of Ignition by Vehumet.
 48440 | Shoals:1 | Learned a level 8 spell: Ignition
 48608 | Shoals:1 | HP: 65/146 [poisoned by a sea snake]
 49587 | Shoals:2 | Reached skill level 16 in Spellcasting
 49604 | Shoals:2 | HP: 72/146 [poisoned by a sea snake]
 51354 | Shoals:3 | Reached XP level 20. HP: 153/153 MP: 36/40
 51374 | Shoals:3 | Noticed Ilsuiw
 51381 | Shoals:3 | Killed Ilsuiw
 51662 | Shoals:3 | Reached skill level 17 in Spellcasting
 51663 | Shoals:3 | Noticed Polyphemus
 51674 | Shoals:3 | Killed Polyphemus
 52017 | Shoals:3 | Noticed Aizul
 52022 | Shoals:3 | Killed Aizul
 52033 | Shoals:3 | Noticed Mara
 52211 | Shoals:3 | Reached skill level 14 in Fire Magic
 52456 | Shoals:3 | Learned a level 5 spell: Lightning Bolt
 52985 | Shoals:3 | Noticed sleeves's illusion
 52990 | Shoals:3 | Killed Mara
 53266 | Shoals:4 | Entered Level 4 of the Shoals
 53441 | Shoals:4 | Reached skill level 3 in Stealth
 53769 | Shoals:4 | Reached skill level 4 in Stealth
 54006 | Shoals:4 | Reached skill level 5 in Stealth
 54115 | Shoals:4 | Reached skill level 6 in Stealth
 54116 | Shoals:4 | Reached skill level 7 in Stealth
 54118 | Shoals:4 | Reached skill level 15 in Fire Magic
 54121 | Shoals:4 | HP: 69/153 [wind drake/the air (14)]
 54182 | Shoals:4 | Got a barnacled rune of Zot
 54324 | Shoals:4 | Reached skill level 8 in Stealth
 54391 | Shoals:4 | Identified the +5 hunting sling of the Jolly Portals
                  | {flame, rF+}
 54570 | Shoals:4 | Reached skill level 9 in Stealth
 54598 | Shoals:4 | Learned a level 4 spell: Passage of Golubria
 55214 | Vaults:1 | Entered Level 1 of the Vaults
 55519 | Shoals:1 | Bought an embroidered cloak for 210 gold pieces
 56102 | Vaults:1 | Noticed a tentacled monstrosity
 56109 | Vaults:1 | Reached skill level 1 in Translocations
 56109 | Vaults:1 | Killed a tentacled monstrosity
 56127 | Vaults:1 | HP: 72/153 [vault warden/+0 battleaxe (21)]
 56132 | Vaults:1 | Reached skill level 10 in Stealth
 56560 | Vaults:1 | Reached skill level 2 in Translocations
 56560 | Vaults:1 | Reached XP level 21. HP: 159/159 MP: 42/42
 56807 | Vaults:1 | Reached skill level 8 in Earth Magic
 57140 | Vaults:1 | Found Ehuruoj's General Store.
 57167 | Vaults:1 | Reached skill level 11 in Stealth
 57333 | Vaults:1 | Reached skill level 3 in Translocations
 58233 | Vaults:2 | Reached skill level 12 in Stealth
 58436 | Vaults:2 | Reached skill level 9 in Earth Magic
 58440 | Vaults:2 | Reached skill level 4 in Translocations
 58624 | Vaults:2 | Found a transporter.
 58643 | Vaults:2 | Found a transporter.
 58644 | Vaults:2 | Found the +8 autumn katana {vorpal, Clar}
 58700 | Vaults:2 | Identified the Grimoire of Freezing Shape Shifting
 59020 | Vaults:2 | Reached skill level 13 in Stealth
 59447 | Vaults:2 | Reached skill level 5 in Translocations
 59534 | Vaults:2 | Reached skill level 16 in Fire Magic
 59637 | Vaults:2 | HP: 60/159 [white very ugly thing (48)]
 59640 | Vaults:2 | Reached skill level 10 in Earth Magic
 60071 | Vaults:2 | HP: 69/159 [orc warlord/+2 great sword of protection (17)]
 60370 | Vaults:2 | Reached skill level 14 in Stealth
 60931 | Vaults:2 | Reached XP level 22. HP: 164/165 MP: 38/43
 61230 | Vaults:3 | Reached skill level 6 in Translocations
 61880 | Vaults:3 | Reached skill level 15 in Stealth
 61890 | Vaults:3 | Reached skill level 11 in Earth Magic
 62621 | Vaults:3 | Reached skill level 7 in Translocations
 63033 | Vaults:3 | Reached skill level 16 in Stealth
 63778 | Vaults:4 | Found a gateway to a bazaar.
 64050 | Vaults:4 | Reached skill level 12 in Earth Magic
 64063 | Vaults:4 | HP: 64/165 [ironbound frostheart/frost (28)]
 64483 | Vaults:4 | Reached skill level 8 in Translocations
 64831 | Vaults:4 | Reached skill level 17 in Fire Magic
 64864 | Vaults:4 | Reached skill level 17 in Stealth
 64864 | Vaults:4 | Reached XP level 23. HP: 171/171 MP: 13/44
 65832 | Vaults:4 | Reached skill level 13 in Earth Magic
 66528 | Elf:1    | Entered Level 1 of the Elven Halls
 66707 | Elf:1    | Noticed Agnes
 66714 | Elf:1    | Killed Agnes
 67134 | Elf:1    | Noticed Nikola
 67141 | Elf:1    | Killed Nikola
 67289 | Elf:1    | Identified Wuuhonge's Incunabulum of the Entourage
 67861 | Elf:1    | Found Dyllez's Armour Boutique.
 67939 | Elf:1    | Found Odido's Antique Weapon Shoppe.
 67968 | Elf:1    | Reached skill level 14 in Earth Magic
 68682 | Elf:2    | Learned a level 1 spell: Apportation
 68726 | Elf:2    | Learned a level 8 spell: Borgnjor's Revivification
 68743 | Elf:2    | Found a huge runed translucent gate.
 68743 | Elf:2    | Found a huge runed translucent gate.
 68744 | Elf:2    | Found a huge runed translucent gate.
 68776 | Elf:2    | Found a huge runed translucent gate.
 68779 | Elf:2    | Found a huge runed translucent gate.
 68913 | Elf:2    | Reached skill level 1 in Necromancy
 68961 | Elf:2    | Reached skill level 18 in Fire Magic
 69408 | Elf:3    | Entered Level 3 of the Elven Halls
 69411 | Elf:3    | Reached skill level 2 in Necromancy
 69417 | Elf:2    | Identified the +2 hand crossbow "Faecor" {vorpal, Dex+4}
 69625 | Elf:3    | Reached skill level 3 in Necromancy
 69793 | Elf:3    | Noticed Saint Roka
 69799 | Elf:3    | Killed Saint Roka
 70149 | Elf:3    | Reached skill level 4 in Necromancy
 70683 | Elf:3    | Reached skill level 5 in Necromancy
 70756 | Elf:3    | Reached XP level 24. HP: 176/178 MP: 31/44
 71041 | Elf:3    | Reached skill level 6 in Necromancy
 71053 | Elf:3    | Reached skill level 7 in Necromancy
 71350 | Elf:3    | Reached skill level 19 in Fire Magic
 71418 | Elf:3    | Found the +2 Maxwell's thermic engine {flame, freeze}
 71428 | Elf:3    | Identified the +2 trident of Fragile Peace {venom, rElec
                  | rC+++ MP-9 Str-5}
 71437 | Elf:3    | Identified the +0 scimitar "Eheseni" {antimagic, rElec rC+
                  | Int+5 Dex-5}
 71460 | Elf:3    | Identified the Catalogue of Poisoning and Moulding
 71516 | Elf:3    | Learned a level 6 spell: Iron Shot
 71545 | Elf:3    | Identified the +1 leather armour "Vaes" {rC+ SInv}
 71546 | Elf:3    | Identified the amulet of Nemelex Xobeh's Grace {RegenMP
                  | rPois rF+ rC+ rN+}
 71579 | Elf:3    | Identified the +3 plate armour "Feazy" {rElec rPois Int+5}
 71619 | Elf:3    | Identified the +2 robe "Ybiewiofaa" {rF+ Dex+2}
 71646 | Elf:3    | Identified a scroll of acquirement
 71647 | Elf:3    | Acquired Efaola's Disquisition on Heat and Conjuration
 71656 | Elf:3    | Learned a level 6 spell: Starburst
 71658 | Elf:3    | Identified the +8 great sword of Etycol {flame, rElec rC+
                  | Str-3}
 72285 | Shoals:4 | Identified the +7 battleaxe of Slow Death {flame, +Inv
                  | Will+++ Dex-4 Stlth+}
 72448 | Slime:1  | Entered Level 1 of the Pits of Slime
 72457 | Slime:1  | Reached skill level 8 in Necromancy
 72951 | Slime:5  | Entered Level 5 of the Pits of Slime
 72975 | Slime:5  | Reached skill level 9 in Necromancy
 72977 | Slime:5  | Noticed the Royal Jelly
 72978 | Slime:5  | HP: 84/178 [acid (6)]
 72979 | Slime:5  | Killed the Royal Jelly
 72981 | Slime:5  | Reached XP level 25. HP: 79/184 MP: 40/44
 73309 | Slime:4  | Reached skill level 20 in Fire Magic
 73383 | Slime:4  | Gained mutation: You are clumsy. (Dex -2) [a shining eye]
 73750 | Slime:5  | HP: 89/184 [acid (4)]
 73752 | Slime:5  | HP: 24/184 [rockslime[the Royal Jelly] (30)]
 73753 | Slime:5  | HP: 7/184 [acid blob/splash of acid (6)]
 73753 | Slime:5  | Splashed by an acid blob's acid

Illustrated notes

Levels and vault maps discovered:
D:1:      lightli_arrival_lavapool, layout_loops_ring, serial_co_window_serial,
          co_window_corner_a, co_window_paths_a, co_window_paths_a,
          co_window_paths_a, co_window_paths_a, co_window_2corner,
          co_window_broadway_b, co_window_corner_cb, co_window_of_opportunity_c,
          co_window_broadway_c, co_window_broadway_b, co_window_unsneaky_path_c,
          glass_columns_b, glass_columns_a, glass_columns_c, glass_columns_a,
          glass_columns_c, serial_shops, nicolae_shop_waterfront, minmay_cut_off
D:2:      layout_basic, fiery_altar_vehumet, glass_columns_a,
          minmay_misc_feat_square, minmay_octomino_e4
D:3:      layout_rooms, chequers_ecumenical_altar_simple_redux
D:4:      layout_basic, nicolae_ossuary_entry_monument,
          minmay_fractal_squares_5, uniq_grinder
D:5:      layout_basic
D:6:      layout_loops_cross, temple_green, basic_altar
D:7:      layout_basic, minmay_fractal_squares_diagonal_5
D:8:      layout_rooms, erik_lair_dragon, hangedman_tree_tricks, uniq_harold
D:9:      layout_grid_maze, orc_0_dummy
D:10:     layout_big_octagon, serial_rivers, chequers_serial_rivers_large_b,
          chequers_serial_rivers_small_b, chequers_serial_rivers_micro_e,
          chequers_serial_rivers_room_b
D:11:     layout_basic, basic_altar
D:12:     layout_stronghold, serial_shops, shop,
          nemelex_xobeh_ov_fountains_minmay, uniq_erolcha
D:13:     layout_cave_pools, david_vaults_4, nicolae_trove_entry_free_sample,
          uniq_nessos
D:14:     minmay_shrinking_squares, layout_small_grid, uniq_frances
D:15:     gammafunk_depths_entry_grave, layout_rooms, roderic_roman_lattice
Lair:1:   layout_small_grid, infiniplex_staircase_pool
Lair:2:   regret_index_harrowing_hell_hive, layout_misc_corridors,
          gauntlet_entry_generic, ebering_ghost_rock_garden
Lair:3:   layout_chaotic_city, minmay_shoals_entry_lonely_mermaid
Lair:4:   layout_gridlike, minmay_snake_entry_six_corridors, basic_altar
Lair:5:   layout_regular_city, grunt_megastairs_2, wad_woods_river_01
Lair:6:   grunt_lair_end_beastmaster, layout_gridlike, slime_altar_1
Shoals:1: cheibrodos_shoals_epimethial_gifts, layout_shoals, serial_shops, shop,
          shop_fountains, nicolae_shoals_kraken_intersection, uniq_donald
Shoals:2: layout_shoals
Shoals:3: layout_shoals, uniq_mara, uniq_aizul, uniq_ilsuiw, uniq_polyphemus
Shoals:4: shoals_end_simple, layout_shoals
Snake:1:  layout_onion_interference, serial_bayou_pond_b
Snake:2:  layout_gridlike, portal_ice_cave_entry_ice_statue_two,
          grunt_megastairs_1, uniq_azrael
Snake:3:  layout_honeycomb, lemuel_fruit_tree
Snake:4:  snake_pit, layout_rooms, serial_shops, nicolae_shop_behind_doors,
          nicolae_snake_linked_coils
Slime:1:  layout_caves
Slime:2:  layout_caves
Slime:3:  layout_caves
Slime:4:  layout_caves
Slime:5
Orc:1:    layout_diamond_mine, basic_altar
Orc:2:    pubby_orc_utopia
Elf:1:    minmay_elf_arrival_plus, layout_loops_corners, serial_shops, shop,
          minmay_elf_demonology, drop_trap, minmay_shop_star, uniq_agnes,
          uniq_nikola
Elf:2:    layout_geoelf_grid, abandoned_shop
Elf:3:    minmay_elf_hall, layout_geoelf_diagonals, grunt_megastairs_5,
          uniq_saint_roka
Vaults:1: vaults_dpeg_hooks, nicolae_vaults_network_s, v_misc_1, v_misc_17,
          v_misc_18, nicolae_vaults_yaktaur_gun_rack,
          nicolae_vaults_network_quinsquares
          [nicolae_vaults_network_quincunx_subvault,
          nicolae_vaults_network_quincunx_subvault,
          nicolae_vaults_network_quincunx_subvault,
          nicolae_vaults_network_quincunx_subvault], dpeg_vaults_waves,
          v_misc_32, layout_vaults_big_room, serial_shops, shop
Vaults:2: v_misc_27, gammafunk_sealed_arena, vaults_room_fours, v_misc_33,
          vaults_room_stairs_pillars, nicolae_vaults_network_periphery,
          v_misc_24, hangedman_vaults_capsules, v_misc_4, layout_vaults_omnigrid
Vaults:3: v_misc_18, nicolae_vaults_alarming, vaults_room_ringed_pool,
          nicolae_vaults_little_squares_5, v_rooms_3, vaults_room_large_hall,
          v_misc_31, nicolae_vaults_bisected_exclaves, v_rooms_5,
          vaults_room_pools, minmay_crypt_entry_simple_sparse, v_misc_16,
          grunt_vaults_bifocal, nicolae_vaults_little_squares_4,
          st_smaller_cells, layout_vaults_maze
Vaults:4: hangedman_vaults_unwind, vaults_dpeg_diagonal,
          hangedman_vaults_slither, nicolae_vaults_triangles,
          hangedman_vaults_nodes, hangedman_vaults_maws, v_rooms_5,
          ontoclasm_vaults_ring_square, vaults_room_octagon,
          ontoclasm_vaults_misaligned, ontoclasm_vaults_decontamination,
          hangedman_vaults_impose, nicolae_vaults_little_squares_4,
          nicolae_vaults_little_squares_3, layout_vaults_omnibox, serial_shops,
          statue_bzr

Skill      XL: |  1  2  3  4  5  6  7  8  9 10 11 12 13 14 15 16 17 18 19 20 21 22 23 24 25 |
---------------+----------------------------------------------------------------------------+-----
Conjurations   | 4 5 6 7 8 9 10 11 12 13 14 | 14.7
Spellcasting   | 3 4 5 6 7 9 10 11 12 13 16 17 | 17.6
Fire Magic     | 2 3 5 7 8 9 10 11 12 13 15 16 17 18 19 20 | 20.0
Shields        | 3 4 5 7 9 |  9.0
Dodging        | 3 5 6 7 8 9 11 12 | 12.0
Fighting       | 4 5 7 8 9 10 12 | 12.0
Armour         | 4 6 7 9 10 11 12 | 12.0
Earth Magic    | 6 7 10 12 14 | 14.2
Evocations     | 3 |  3.0
Staves         | 2 |  2.6
Stealth        | 10 14 17 | 17.0
Translocations | 2 5 8 |  8.0
Necromancy     | 5 9 |  9.8

Action                   |  1- 3 |  4- 6 |  7- 9 | 10-12 | 13-15 | 16-18 | 19-21 | 22-24 | 25-27 || total
-------------------------+-------+-------+-------+-------+-------+-------+-------+-------+-------++-------
Melee: Unarmed           |    12 |       |       |       |       |       |       |       |       ||    12
       Spear             |     9 |     9 |       |       |       |       |       |       |       ||    18
       Dagger            |       |       |     2 |       |       |       |       |       |       ||     2
       Staff             |       |       |     2 |     1 |     8 |     7 |     2 |     9 |       ||    29
 Cast: Magic Dart        |    62 |    93 |   200 |   200 |   152 |   230 |   107 |     6 |       ||  1050
       Searing Ray       |       |     4 |    35 |   110 |   113 |    54 |     1 |       |       ||   317
       Foxfire           |       |       |    23 |    48 |     3 |       |       |       |       ||    74
       Conjure Flame     |       |       |     1 |    13 |    11 |    20 |     1 |     9 |       ||    55
       Iskenderun's Myst |       |       |       |    22 |    16 |    26 |    22 |     3 |     2 ||    91
       Fireball          |       |       |       |     5 |   120 |   398 |   192 |    61 |     2 ||   778
       Sticky Flame      |       |       |       |       |    51 |    39 |     5 |     5 |       ||   100
       Iskenderun's Batt |       |       |       |       |    15 |    41 |    23 |     5 |       ||    84
       Bolt of Magma     |       |       |       |       |       |    67 |   303 |   377 |       ||   747
       Ignition          |       |       |       |       |       |       |    29 |    43 |     8 ||    80
       Lightning Bolt    |       |       |       |       |       |       |     6 |       |       ||     6
       Apportation       |       |       |       |       |       |       |       |     1 |       ||     1
       Starburst         |       |       |       |       |       |       |       |    29 |     3 ||    32
       Iron Shot         |       |       |       |       |       |       |       |    14 |    36 ||    50
       Passage of Golubr |       |       |       |       |       |       |       |       |     1 ||     1
 Abil: Dig               |       |       |       |       |     1 |       |       |       |       ||     1
Evoke: Wand              |       |       |     2 |     7 |       |     3 |     3 |       |       ||    15
  Use: Scroll            |       |       |     6 |     2 |     6 |    12 |     8 |     7 |       ||    41
       Potion            |       |       |       |     1 |     4 |     1 |       |     3 |       ||     9
 Stab: Sleeping          |     1 |       |       |       |       |       |       |       |       ||     1
Armor: Robe              |    10 |     5 |    19 |    42 |    38 |     1 |     7 |       |       ||   122
       Acid dragon scale |       |       |       |       |     7 |    42 |    18 |     6 |     6 ||    79
       Scale mail        |       |       |       |       |       |       |       |    25 |       ||    25
Dodge: Dodged            |    27 |    15 |    35 |   148 |   194 |   137 |    76 |    66 |     7 ||   705
Block: Other             |     1 |     5 |    11 |       |       |       |       |       |       ||    17
       Reflection        |       |       |     3 |     6 |       |    19 |    45 |    37 |       ||   110
       Buckler           |       |       |    14 |    84 |    58 |    15 |       |       |       ||   171
       Kite shield       |       |       |       |       |       |   152 |   136 |   115 |     5 ||   408

Table legend: (Time is in decaauts)
 A = Elapsed time spent in this place.
 B = Non-inter-level travel time spent in this place.
 C = Inter-level travel time spent in this place.
 D = Time resting spent in this place.
 E = Time spent auto-exploring this place.
 F = Levels seen in this place.
 G = Mean time per level.
                   A        B        C        D        E       F      G
               +--------+--------+--------+--------+--------+-----+--------+
         Total |  73937 |  68094 |   5843 |  10305 |  47787 |  44 | 1680.4 |
       Dungeon |  22902 |  19880 |   3022 |   1841 |  15627 |  15 | 1526.8 |
          Lair |  11433 |  10729 |    704 |   1856 |   7213 |   6 | 1905.5 |
        Shoals |   7546 |   7056 |    490 |    643 |   5434 |   4 | 1886.5 |
     Snake Pit |  10516 |  10149 |    367 |   2935 |   5843 |   4 | 2629.0 |
    Slime Pits |    896 |    850 |     46 |    399 |    154 |   5 |  179.2 |
  Orcish Mines |   3677 |   3184 |    493 |    478 |   1798 |   2 | 1838.5 |
   Elven Halls |   5354 |   5020 |    334 |    531 |   3665 |   3 | 1784.7 |
        Vaults |  10451 |  10066 |    385 |   1476 |   7240 |   4 | 2612.8 |
       Ossuary |   1159 |   1159 |      0 |    146 |    812 |   1 | 1159.0 |
               +--------+--------+--------+--------+--------+-----+--------+

Top non-repeatable levels by time:
 Snake:3: 4528 daAuts
Vaults:2: 3393 daAuts
   Orc:2: 3034 daAuts
     D:9: 2969 daAuts
Vaults:4: 2680 daAuts
Vaults:1: 2471 daAuts
   Elf:3: 2309 daAuts
  Lair:6: 2228 daAuts
    D:14: 2197 daAuts
Shoals:1: 2180 daAuts
 Snake:2: 2096 daAuts
 Snake:1: 2085 daAuts
  Lair:5: 1957 daAuts
Shoals:2: 1953 daAuts
Vaults:3: 1906 daAuts
